 Dungeon Crawl Stone Soup version 0.31-a0-182-gc5ef74bbde (webtiles) character file.

Game seed: 5800635032275811875

341751 qw the Peltast (level 22, -4/150 HPs)
             Began as a Gargoyle Fighter on June 21, 2023.
             Was an Elder of Okawaru.
             Slain by Grunn
             ... wielding a +8 bardiche of draining
              (11 damage)
             ... on level 3 of the Depths.
             The game lasted 00:27:00 (44653 turns).

qw the Peltast (Gargoyle Fighter)                  Turns: 44653, Time: 00:27:00

Health: -4/150     AC: 55    Str: 37    XL:     22   Next: 1%
Magic:  36/38      EV:  9    Int: 10    God:    Okawaru [****..]
Gold:   298        SH: 30    Dex:  9    Spells: 21/21 levels left

rFire   + + .        t - +3 broad axe (spect)
rCold   + . .        D - +10 tower shield of Ignorance {rN+ Int-4}
rNeg    + + .        z - +0 gold dragon scales
rPois   inf          b - +2 helmet
rElec   +            I - +0 cloak "Ohit" {Str+4}
rCorr   .            f - +1 pair of gloves of the Known World {Will+ Regen+ Str+2 Int+2}
SInv    .            u - +2 pair of boots
Will    ++++.        L - amulet of faith Stlth
                     m - ring of Xom's Malicious Joy {AC+4 Str+3}
HPRegen 1.25/turn    A - ring "Omerage" {Contam Fly rF+ Will++ MP+9}
MPRegen 0.26/turn

%: faith
@: flying
A: sickness immunity, AC +16, big wings, negative energy resistance 1,
electricity resistance, torment resistance 1, petrification resistance
}: 2/15 runes: barnacled, gossamer
a: Renounce Religion, Heroism, Finesse


You were on level 3 of the Depths.
You worshipped Okawaru.
Okawaru was greatly pleased with you.
You visited 8 branches of the dungeon, and saw 38 of its levels.
You also visited: Sewer.

You collected 3582 gold pieces.
You spent 3284 gold pieces at shops.


Innate Abilities, Weirdness & Mutations

You are immune to sickness and miasma.
Your stone body is resilient. (AC +16)
You are immune to poison.
Your large and strong wings let you fly.
You resist negative energy. (rN+)
You are resistant to electric shocks. (rElec)
You are resistant to unholy torment.
You are immune to petrification.


   Skills:
 - Level 19.6 Fighting
 - Level 18.0 Axes
 - Level 9.5 Throwing
 + Level 19.3 Armour
 - Level 6.0 Dodging
 - Level 20.4 Shields
 - Level 10.0 Invocations


You had 21 spell levels left.
You didn't know any spells.
Your spell library was empty.

Inventory:

Hand Weapons
 h - the +1 war axe "Vayd" {protect, rCorr}
   (You bought it in a shop on level 2 of the Orcish Mines)

   rCorr:     It protects you from acid and corrosion.
 t - a +3 spectral broad axe (weapon)
Missiles
 y - 29 boomerangs
 E - 3 javelins (quivered)
Armour
 b - a +2 helmet (worn)
 f - the +1 pair of gloves of the Known World (worn) {Will+ Regen+ Str+2 Int+2}
   (You found it on level 2 of the Depths)

   Str:       It affects your strength (+2).
   Int:       It affects your intelligence (+2).
   Regen:     It increases your rate of health regeneration.
   Will:      It increases your willpower.
 i - a +3 plate armour
 j - a +2 plate armour of willpower
 u - a +2 pair of boots (worn)
 z - +0 gold dragon scales (worn)
 D - the +10 tower shield of Ignorance (worn) {rN+ Int-4}
   (Okawaru gifted it to you on level 2 of the Vaults)

   Int:       It affects your intelligence (-4).
   rN:        It protects you from negative energy.
 I - the +0 cloak "Ohit" (worn) {Str+4}
   (You bought it in a shop on level 3 of the Vaults)

   Str:       It affects your strength (+4).
Jewellery
 k - an amulet of reflection
 m - the ring of Xom's Malicious Joy (left hand) {AC+4 Str+3}
   (You found it on level 10 of the Dungeon)

   [ring of protection]

   AC:        It affects your AC (+4).
   Str:       It affects your strength (+3).
 A - the ring "Omerage" (right hand) {Contam Fly rF+ Will++ MP+9}
   (You found it on level 2 of the Depths)

   [ring of magical power]

   rF:        It protects you from fire.
   MP:        It affects your magic capacity (+9).
   Fly:       It grants you flight.
   Contam:    It causes magical contamination when unequipped.
   Will:      It greatly increases your willpower.
 B - a ring of protection from cold
 C - a ring of protection from fire
 L - an amulet of faith (around neck)
 Y - a +5 ring of evasion
Wands
 v - a wand of digging (4)
Scrolls
 a - 29 scrolls of identify
 r - 14 scrolls of teleportation
 w - 4 scrolls of brand weapon
Potions
 d - 4 potions of might
 e - 4 potions of attraction
 g - a potion of haste
 l - 5 potions of mutation
 n - 2 potions of cancellation
 o - 16 potions of curing
 p - 8 potions of enlightenment
 q - 5 potions of lignification
 x - 2 potions of resistance
 H - a potion of heal wounds
 K - a potion of magic

Dungeon Overview and Level Annotations

Branches:
Dungeon (15/15)            Temple (1/1) D:6            Lair (5/5) D:10
 Shoals (4/4) Lair:2       Spider (4/4) Lair:2        Slime (0/5) Lair:5
    Orc (2/2) D:10            Elf (0/3) Orc:2        Vaults (4/5) D:13
  Crypt (0/3) Vaults:3     Depths (3/4) D:15          Sewer (visited)

Altars:
Ashenzari
Cheibriados
Dithmenos
Elyvilon
Fedhas
Gozag
Hepliaklqana
Kikubaaqudgha
Makhleb
Nemelex Xobeh
Okawaru
Qazlal
Ru
Sif Muna
Trog
Uskayaw
Vehumet
Wu Jian
Xom
Yredelemnul
Zin
The Shining One
Jiyva

Shops:
D:12 ?   Orc:1 (   Orc:2 (**:[:(?!   Vaults:3 [   Depths:1 [   Depths:2 :==

Portals:
Hell: Depths:1 Depths:2 Depths:3
Abyss: Depths:3
Pandemonium: Orc:2 Depths:2
Ziggurat: Depths:2

Annotations:
D:7 3 runed translucent doors, qw's ghost, novice GrFi
D:13 3 runed translucent doors
Lair:2 1 runed translucent door, qw's ghost, journeyman GrFi
Shoals:2 1 runed translucent door, Jafont's ghost, journeyman HOFE
Depths:2 6 runed translucent doors, Dameikh's ghost, veteran FoFi; Miaxas's ghost, veteran GrFi; Xutext's ghost, adept DsAK; qw's ghost, adept GrHu
Depths:3 Grunn


Message History

You swing at nothing.
You swing at nothing.
Something hits you but does no damage.
You swing at nothing.
You swing at nothing.
You swing at nothing.
Something hits you!!
You swing at nothing.
You swing at nothing.
You swing at nothing.
Something hits you!
You swing at nothing.
You swing at nothing.
You swing at nothing.
Something hits you!
You swing at nothing.
You swing at nothing.
You block something's attack.
You swing at nothing.
You swing at nothing.
You swing at nothing.
You block something's attack.
You swing at nothing.
You swing at nothing.
Your hands slow down.
You swing at nothing.
Something hits you!!
You swing at nothing.
Something hits you!
You swing at nothing.
You feel like a meek peon again.
You swing at nothing.
Something hits you but does no damage.
You swing at nothing.
Something hits you!
You swing at nothing.
Something hits you!!
You swing at nothing.
Something hits you!
You die...

#...\........# #.#
. #.##.######.##
#.# . #.##.# #.#
#.# . #.##.# #.#
#.. . #.##.# #.#
#.. . #.#.###.##.#
#.# #.. .
#..........# ... .
###.###.#.#####.#.#
. #...@.......#
###%######### .{.
..%## .....#~
(....#~ .....##
(......


There were no monsters in sight!

Vanquished Creatures
  Mara (Vaults:3)
  Mennas (Vaults:3)
  Bai Suzhen (Spider:3)
  A golden dragon (Depths:2)
  Nikola (Spider:1)
  Arachne (Spider:4)
  2 doom hounds (Depths:3)
  Mlioglotl (Shoals:1)
  A walking crystal tome (Depths:2)
  A lich (Depths:2)
  Gastronok (D:10)
  2 sphinxes
  2 krakens
  A shadow dragon (Depths:2)
  A tengu reaver (Vaults:4)
  Frances (D:14)
  Roxanne (D:14)
  Ilsuiw (Shoals:3)
  Donald (Spider:1)
  4 fire giants
  4 frost giants
  14 vault wardens
  Aizul (Spider:1)
  5 ghost moths
  7 emperor scorpions (Spider:4)
  2 spriggan defenders (Depths:2)
  A war gargoyle (Vaults:1)
  An orc warlord (Orc:1)
  2 broodmothers
  18 ironbound preservers
  A juggernaut skeleton (Depths:2)
  7 stone giants
  7 ironbound thunderhulks
  5 very ugly things
  3 formless jellyfish
  2 vampire knights
  Nessos (Lair:4)
  12 dire elephants
  7 spark wasps
  A blizzard demon (Depths:1)
  3 merfolk javelineers (Shoals:4)
  2 ettins (Depths:2)
  4 fire dragons
  3 entropy weavers
  6 merfolk impalers (Shoals:4)
  7 great orbs of eyes
  3 rakshasas
  7 vault guards
  A servant of whispers (Vaults:3)
  An ice dragon (Depths:2)
  8 yaktaur captains
  Erolcha (D:13)
  7 hydras
  3 catoblepae
  4 ironbound frosthearts
  A spriggan air mage (Depths:2)
  3 merfolk avatars
  A peacekeeper (Vaults:1)
  2 demonspawn (Orc:2)
  Erica (Lair:2)
  A radroach (Spider:4)
  3 centaur warriors
  9 boulder beetles
  4 two-headed ogres
  5 deep troll shamans
  3 satyrs
  4 merfolk aquamancers
  17 death yaks
  3 deep troll earth magi
  4 demonic crawlers
  3 tengu warriors
  A hell knight (Depths:2)
  Sonja (Lair:2)
  A spriggan berserker (Depths:2)
  3 spriggans (Depths:2)
  Nergalle (D:10)
  5 orc high priests (Orc:2)
  2 soul eaters (Orc:2)
  4 iron trolls
  A storm dragon zombie (Vaults:4)
  2 sun moths
  A fire crab (Shoals:2)
  4 skysharks
  A sun demon (Orc:2)
  73 deep trolls
  3 pharaoh ants
  5 skeletal warriors (D:11)
  10 orb spiders
  A flayed ghost (Depths:2)
  20 sea snakes
  A glowing orange brain (Depths:1)
  12 lindwurms
  10 harpies
  5 steelbarb worms
  2 deep elf pyromancers
  2 phantasmal warriors (Depths:3)
  16 ironbound convokers
  4 orc knights (Orc:2)
  7 wizards
  Pikel (D:5)
  3 necromancers
  10 wolf spiders
  7 cyclopes
  A tengu skeleton (Depths:2)
  A fire giant zombie (Depths:2)
  16 ugly things
  14 fauns
  7 orc sorcerers
  13 manticores
  A stone giant zombie (Depths:2)
  2 moths of wrath
  4 elephants
  4 black mambas
  3 merfolk sirens
  5 water nymphs
  4 torpor snails
  19 vault sentinels
  12 cane toads
  37 yaktaurs
  12 komodo dragons
  2 unseen horror zombies (D:8)
  2 kobold demonologists
  3 rime drakes
  A tengu conjurer (D:14)
  A meliai (shapeshifter) (D:15)
  31 merfolk
  An ice devil (Orc:2)
  A shadow dragon simulacrum (Depths:2)
  3 meliai (Spider:4)
  3 hornets (Depths:2)
  8 trolls
  Grinder (D:4)
  A hellwing (Depths:2)
  3 polar bears
  Prince Ribbit (D:5)
  9 wind drakes
  12 tarantellas
  3 snapping turtles (Shoals:4)
  A raiju (shapeshifter) (Vaults:4)
  3 saltlings (Vaults:3)
  A frost giant simulacrum (Vaults:4)
  A dream sheep (shapeshifter) (Depths:2)
  14 blink frogs
  A snapping turtle (shapeshifter) (D:15)
  12 dream sheep
  24 jumping spiders
  28 slime creatures
  A ynoxinul (Orc:2)
  19 culicivoras
  4 wraiths
  2 water elementals
  4 vampires
  9 basilisks
  8 wyverns
  A shadow (D:13)
  4 fire bats
  46 yaks
  A vampire mosquito (D:13)
  69 redbacks
  Menkaure (D:4)
  4 wargs
  13 water moccasins
  2 acid dragons
  A human skeleton (Vaults:4)
  A glowing shapeshifter zombie (Depths:2)
  3 ice beasts
  45 orc warriors
  Pargi (Sewer)
  A black bear (shapeshifter) (D:15)
  5 black bears
  10 wolves
  4 ogres
  8 boggarts
  A lemure (D:5)
  13 centaurs
  A phantom (D:5)
  12 bullfrogs
  5 necrophages (D:8)
  8 scorpions
  8 wights
  6 killer bees (D:8)
  6 electric eels
  7 howler monkeys
  4 jellies
  A centaur zombie (D:8)
  A human zombie (D:8)
  19 orc priests
  3 hounds
  A gnoll bouda (D:7)
  2 sleepcaps (D:6)
  3 iguanas (D:5)
  7 hell rats (Lair:1)
  11 orc wizards
  Terence (D:2)
  A killer bee zombie (D:8)
  A boggart simulacrum (D:14)
  A mummy (D:8)
  Robin (D:2)
  12 adders
  4 gnolls
  A river rat (D:3)
  2 white imps
  3 worms
  2 dart slugs
  100 orcs
  8 endoplasms
  8 giant cockroaches
  13 goblins
  10 hobgoblins
  4 jackals
  2 quokkas
  5 ball pythons
  3 bats
  5 frilled lizards
  10 kobolds
  5 rats
  5 tentacles
1389 creatures vanquished.

Vanquished Creatures (others)
  Asterion (Depths:1)
  An ironbound preserver (Vaults:1)
  A merfolk aquamancer (Shoals:1)
  A merfolk avatar (Shoals:2)
  2 deep trolls (Vaults:1)
  An ironbound convoker (Vaults:1)
  A blink frog (Lair:5)
  81 spectral weapons
  4 tentacles
93 creatures vanquished.

Grand Total: 1482 creatures vanquished

Notes
Turn   | Place    | Note
-------+----------+-------------------------------------------
     0 | D:1      | qw the Gargoyle Fighter began the quest for the Orb.
     0 | D:1      | Reached XP level 1. HP: 14/14 MP: 1/1
     0 | D:1      | 0 ||| qw: Version: 0.3-a-9-g12657ce
     0 | D:1      | 0 ||| qw: Game counter: 1656
     0 | D:1      | 0 ||| qw: Always use a shield: true
     0 | D:1      | 0 ||| qw: God list: Okawaru
     0 | D:1      | 0 ||| qw: Allow faded altars: false
     0 | D:1      | 0 ||| qw: Do Orc after D:15 true
     0 | D:1      | 0 ||| qw: Do second Lair branch before Depths: true
     0 | D:1      | 0 ||| qw: Lair rune preference: random
     0 | D:1      | 0 ||| qw: Plans: Normal, Zot:1-4, Slime:5, God:TSO, Crypt,
                  | Tomb, Abyss, Pan, Hells, Win
     0 | D:1      | 0 ||| PLANNING D:1-11
    30 | D:1      | 30 ||| Stepping ~*~*~tactically~*~*~ (hiding).
   412 | D:1      | Reached XP level 2. HP: 16/19 MP: 2/2
   427 | D:1      | 427 ||| DROPPING +0 club.
   444 | D:1      | 444 ||| Stepping ~*~*~tactically~*~*~ (stealth).
   571 | D:1      | 571 ||| Stepping ~*~*~tactically~*~*~ (stealth).
   721 | D:1      | 721 ||| Stepping ~*~*~tactically~*~*~ (stealth).
   724 | D:1      | 724 ||| Stepping ~*~*~tactically~*~*~ (stealth).
   725 | D:1      | 725 ||| Stepping ~*~*~tactically~*~*~ (stealth).
   730 | D:1      | Reached skill level 3 in Axes
   894 | D:1      | 894 ||| UPGRADING to +0 chain mail.
   904 | D:1      | 904 ||| DROPPING +0 scale mail.
   905 | D:1      | 905 ||| DROPPING scarf of harm.
   906 | D:1      | 906 ||| READING scroll labelled EJOTAC LEGH.
   907 | D:1      | 907 ||| READING scroll labelled FIDUOT OFOH.
   977 | D:2      | Reached skill level 1 in Throwing
   977 | D:2      | Reached XP level 3. HP: 23/23 MP: 3/3
  1121 | D:2      | Noticed Robin
  1122 | D:2      | 1122 ||| Stepping ~*~*~tactically~*~*~ (stealth).
  1150 | D:2      | 1150 ||| Stepping ~*~*~tactically~*~*~ (stealth).
  1168 | D:2      | 1168 ||| Stepping ~*~*~tactically~*~*~ (hiding).
  1178 | D:2      | Killed Robin
  1195 | D:2      | 1195 ||| FLEEEEING.
  1211 | D:2      | 1211 ||| Stepping ~*~*~tactically~*~*~ (stealth).
  1247 | D:2      | Reached XP level 4. HP: 28/28 MP: 4/4
  1445 | D:2      | 1445 ||| Stepping ~*~*~tactically~*~*~ (stealth).
  1446 | D:2      | Noticed Terence
  1457 | D:2      | Killed Terence
  1521 | D:2      | 1521 ||| DROPPING +0 whip.
  1727 | D:2      | 1727 ||| UPGRADING to +0 helmet.
  1732 | D:2      | 1732 ||| UPGRADING to +6 ring of strength.
  1733 | D:2      | 1733 ||| READING 2 scrolls labelled DIR KOB QEUKO.
  1734 | D:2      | 1734 ||| READING scroll labelled FURODI ZESU.
  1766 | D:3      | 1766 ||| PLANNING SEWER
  1985 | D:3      | 1985 ||| DROPPING +0 mace.
  2006 | D:3      | 2006 ||| Stepping ~*~*~tactically~*~*~ (stealth).
  2020 | D:3      | Reached XP level 5. HP: 27/32 MP: 5/5
  2136 | D:3      | Found a glowing drain.
  2170 | Sewer    | Entered a sewer
  2173 | Sewer    | Noticed Pargi
  2187 | Sewer    | Killed Pargi
  2188 | Sewer    | Reached XP level 6. HP: 19/37 MP: 6/6
  2383 | Sewer    | 2383 ||| READING scroll labelled HAKOHE OPOOMO.
  2399 | D:3      | 2399 ||| PLANNING D:1-11
  2517 | D:3      | 2517 ||| Stepping ~*~*~tactically~*~*~ (stealth).
  2690 | D:3      | 2690 ||| READING scroll labelled OSOMMUGIWK.
  2705 | D:4      | 2705 ||| STAIRDANCE
  2749 | D:4      | 2749 ||| STAIRDANCE
  2902 | D:4      | Noticed Grinder
  2903 | D:4      | 2903 ||| Stepping ~*~*~tactically~*~*~ (hiding).
  2913 | D:4      | 2913 ||| Stepping ~*~*~tactically~*~*~ (hiding).
  2947 | D:4      | HP: 9/38 [Grinder (4)]
  2957 | D:4      | 2957 ||| FLEEEEING.
  2971 | D:4      | 2971 ||| FLEEEEING.
  2972 | D:4      | 2972 ||| FLEEEEING.
  2973 | D:4      | 2973 ||| FLEEEEING.
  2976 | D:4      | 2976 ||| FLEEEEING.
  2977 | D:4      | 2977 ||| Stepping ~*~*~tactically~*~*~ (hiding).
  2978 | D:4      | 2978 ||| Stepping ~*~*~tactically~*~*~ (hiding).
  2981 | D:4      | 2981 ||| FLEEEEING.
  2982 | D:4      | 2982 ||| FLEEEEING.
  2983 | D:4      | 2983 ||| FLEEEEING.
  2984 | D:4      | 2984 ||| FLEEEEING.
  2998 | D:4      | 2998 ||| FLEEEEING.
  2999 | D:4      | 2999 ||| FLEEEEING.
  3015 | D:4      | Paralysed by Grinder for 2 turns
  3020 | D:4      | 3020 ||| FLEEEEING.
  3024 | D:4      | 3024 ||| FLEEEEING.
  3025 | D:4      | 3025 ||| FLEEEEING.
  3029 | D:4      | 3029 ||| FLEEEEING.
  3031 | D:4      | 3031 ||| FLEEEEING.
  3034 | D:4      | 3034 ||| FLEEEEING.
  3035 | D:4      | 3035 ||| FLEEEEING.
  3036 | D:4      | 3036 ||| FLEEEEING.
  3037 | D:4      | 3037 ||| FLEEEEING.
  3038 | D:4      | 3038 ||| FLEEEEING.
  3039 | D:4      | 3039 ||| FLEEEEING.
  3040 | D:4      | 3040 ||| FLEEEEING.
  3043 | D:4      | 3043 ||| FLEEEEING.
  3044 | D:4      | 3044 ||| STAIRDANCE
  3080 | D:3      | 3080 ||| DRINKING 2 metallic silvery potions.
  3108 | D:4      | 3108 ||| Stepping ~*~*~tactically~*~*~ (hiding).
  3118 | D:4      | Killed Grinder
  3119 | D:4      | Reached XP level 7. HP: 36/45 MP: 7/7
  3299 | D:4      | 3299 ||| Stepping ~*~*~tactically~*~*~ (stealth).
  3364 | D:4      | Noticed Menkaure
  3372 | D:4      | Killed Menkaure
  3373 | D:4      | Reached skill level 6 in Axes
  3398 | D:4      | 3398 ||| READING scroll labelled HERAER ZABINT.
  3405 | D:5      | Entered Level 5 of the Dungeon
  3451 | D:5      | HP: 2/45 [ogre/+0 giant club (16)]
  3452 | D:5      | 3452 ||| DRINKING potion of heal wounds.
  3457 | D:5      | Reached skill level 1 in Dodging
  3613 | D:5      | Noticed Pikel
  3614 | D:5      | 3614 ||| Stepping ~*~*~tactically~*~*~ (stealth).
  3627 | D:5      | HP: 11/45 [lemure[Pikel] (2)]
  3634 | D:5      | HP: 6/45 [lemure[Pikel] (1)]
  3636 | D:5      | Killed Pikel
  3637 | D:5      | Reached XP level 8. HP: 5/51 MP: 8/8
  3842 | D:5      | Noticed Prince Ribbit
  3856 | D:5      | Killed Prince Ribbit
  3932 | D:5      | 3932 ||| FLEEEEING.
  3933 | D:5      | 3933 ||| FLEEEEING.
  3937 | D:5      | 3937 ||| FLEEEEING.
  3938 | D:5      | 3938 ||| FLEEEEING.
  3939 | D:5      | 3939 ||| FLEEEEING.
  3940 | D:5      | 3940 ||| FLEEEEING.
  3941 | D:5      | 3941 ||| FLEEEEING.
  3942 | D:5      | 3942 ||| FLEEEEING.
  3944 | D:5      | 3944 ||| FLEEEEING.
  3948 | D:5      | 3948 ||| FLEEEEING.
  3949 | D:5      | 3949 ||| FLEEEEING.
  3950 | D:5      | 3950 ||| FLEEEEING.
  3955 | D:5      | 3955 ||| FLEEEEING.
  3956 | D:5      | 3956 ||| FLEEEEING.
  3957 | D:5      | 3957 ||| FLEEEEING.
  3958 | D:5      | 3958 ||| FLEEEEING.
  3959 | D:5      | 3959 ||| FLEEEEING.
  3960 | D:5      | 3960 ||| FLEEEEING.
  3971 | D:5      | 3971 ||| FLEEEEING.
  3973 | D:5      | 3973 ||| FLEEEEING.
  3983 | D:5      | 3983 ||| FLEEEEING.
  3988 | D:5      | Reached skill level 6 in Fighting
  3991 | D:5      | 3991 ||| FLEEEEING.
  3992 | D:5      | 3992 ||| FLEEEEING.
  3998 | D:5      | Reached skill level 9 in Axes
  4001 | D:5      | Reached skill level 4 in Shields
  4001 | D:5      | Reached XP level 9. HP: 46/55 MP: 9/9
  4416 | D:5      | Found a radiant altar of Vehumet.
  4417 | D:5      | Found a snail-covered altar of Cheibriados.
  4418 | D:5      | Found a broken altar of Ashenzari.
  4419 | D:5      | Found a stormy altar of Qazlal.
  4513 | D:5      | 4513 ||| READING scroll labelled YNIUSS YRHE.
  4616 | D:6      | 4616 ||| DROPPING +0 flail.
  4902 | D:6      | Found a staircase to the Ecumenical Temple.
  4903 | D:6      | 4903 ||| PLANNING TEMPLE
  4908 | Temple   | Entered the Ecumenical Temple
  4924 | Temple   | 4924 ||| PLANNING OKAWARU WORSHIP
  4937 | Temple   | Became a worshipper of Warmaster Okawaru
  4938 | Temple   | 4938 ||| PLANNING D:1-11
  5216 | D:6      | 5216 ||| UPGRADING to amulet of regeneration.
  5224 | D:6      | Found a shimmering altar of Xom.
  5326 | D:6      | 5326 ||| READING 2 scrolls labelled DAPYHU TALIDUS.
  5385 | D:7      | 5385 ||| Stepping ~*~*~tactically~*~*~ (hiding).
  5458 | D:7      | Found a runed translucent gate.
  5458 | D:7      | Noticed qw's ghost (novice GrFi)
  5459 | D:7      | Found a runed translucent gate.
  5461 | D:7      | Found a runed translucent gate.
  5470 | D:7      | Identified the +0 chain mail of Mezcal {Int+3}
  5504 | D:7      | 5504 ||| DROPPING +4 flail.
  5511 | D:7      | Reached * piety under Okawaru
  5566 | D:7      | 5566 ||| INVOKING Heroism.
  5568 | D:7      | 5568 ||| Stepping ~*~*~tactically~*~*~ (hiding).
  5572 | D:7      | 5572 ||| Stepping ~*~*~tactically~*~*~ (stealth).
  5580 | D:7      | Reached skill level 1 in Invocations
  5618 | D:7      | 5618 ||| INVOKING Heroism.
  5667 | D:7      | Found a flagged portal.
  5728 | D:7      | 5728 ||| Stepping ~*~*~tactically~*~*~ (hiding).
  5729 | D:7      | 5729 ||| Stepping ~*~*~tactically~*~*~ (hiding).
  5731 | D:7      | 5731 ||| Stepping ~*~*~tactically~*~*~ (hiding).
  5864 | D:7      | Found a hazy altar of Hepliaklqana.
  6131 | D:7      | 6131 ||| UPGRADING to +0 plate armour.
  6141 | D:7      | 6141 ||| DROPPING +0 chain mail.
  6142 | D:7      | 6142 ||| READING scroll labelled TOZUNOKKAE.
  6243 | D:7      | 6243 ||| READING scroll labelled EPIACOAHITT.
  6244 | D:7      | 6244 ||| READING 2 scrolls of identify.
  6244 | D:7      | 6244 ||| IDENTIFYING sedimented golden potion
  6328 | D:8      | Found a burning altar of Makhleb.
  6348 | D:8      | Reached XP level 10. HP: 64/64 MP: 10/10
  6401 | D:8      | 6401 ||| Stepping ~*~*~tactically~*~*~ (stealth).
  6414 | D:8      | Reached skill level 6 in Armour
  6414 | D:8      | Reached skill level 3 in Invocations
  6530 | D:8      | Found a basalt altar of Yredelemnul.
  6537 | D:8      | Reached skill level 5 in Shields
  6543 | D:8      | Reached ** piety under Okawaru
  6592 | D:8      | 6592 ||| Stepping ~*~*~tactically~*~*~ (hiding).
  6594 | D:8      | 6594 ||| INVOKING Heroism.
  6614 | D:8      | Found a shimmering blue altar of Sif Muna.
  6621 | D:8      | 6621 ||| READING 2 scrolls of identify.
  6621 | D:8      | 6621 ||| IDENTIFYING murky sapphire potion
  6623 | D:8      | 6623 ||| Stepping ~*~*~tactically~*~*~ (hiding).
  6827 | D:8      | Found a white marble altar of Elyvilon.
  6870 | D:8      | Found a sparkling altar of Nemelex Xobeh.
  7032 | D:8      | 7032 ||| UPGRADING to +0 pair of boots.
  7037 | D:8      | 7037 ||| READING scroll labelled SEUFIS EDIU.
  7110 | D:9      | 7110 ||| INVOKING Heroism.
  7188 | D:9      | 7188 ||| Stepping ~*~*~tactically~*~*~ (stealth).
  7191 | D:9      | 7191 ||| INVOKING Heroism.
  7278 | D:9      | Found a blossoming altar of Fedhas.
  7505 | D:9      | 7505 ||| Stepping ~*~*~tactically~*~*~ (stealth).
  7590 | D:9      | 7590 ||| Stepping ~*~*~tactically~*~*~ (hiding).
  7605 | D:9      | 7605 ||| INVOKING Heroism.
  7607 | D:9      | Reached skill level 9 in Fighting
  7628 | D:9      | Reached XP level 11. HP: 56/71 MP: 14/14
  7775 | D:9      | 7775 ||| UPGRADING to ring of see invisible.
  7776 | D:9      | 7776 ||| READING scroll labelled AVEUH CI BOU.
  7777 | D:9      | 7777 ||| READING scroll labelled KOTAS QIM DAEV.
  7778 | D:9      | 7778 ||| DRINKING 2 clear potions.
  7779 | D:9      | 7779 ||| READING 2 scrolls of identify.
  7779 | D:9      | 7779 ||| IDENTIFYING black potion
  7780 | D:9      | 7780 ||| DROPPING potion of brilliance.
  7807 | D:10     | Entered Level 10 of the Dungeon
  7808 | D:10     | 7808 ||| Stepping ~*~*~tactically~*~*~ (hiding).
  7810 | D:10     | 7810 ||| Stepping ~*~*~tactically~*~*~ (hiding).
  7918 | D:10     | Identified the ring of Xom's Malicious Joy {AC+4 Str+3}
  7979 | D:10     | Reached *** piety under Okawaru
  8041 | D:10     | Noticed Nergalle
  8042 | D:10     | 8042 ||| INVOKING Heroism.
  8053 | D:10     | Noticed a spectral orc warlord
  8079 | D:10     | 8079 ||| INVOKING Heroism.
  8080 | D:10     | Killed Nergalle
  8131 | D:10     | 8131 ||| READING scroll of enchant armour.
  8131 | D:10     | 8131 ||| ENCHANTING +0 helmet.
  8160 | D:10     | 8160 ||| INVOKING Heroism.
  8217 | D:10     | Noticed Gastronok
  8218 | D:10     | 8218 ||| Stepping ~*~*~tactically~*~*~ (hiding).
  8222 | D:10     | 8222 ||| INVOKING Heroism.
  8223 | D:10     | Found an ornate altar of the Wu Jian Council.
  8238 | D:10     | Killed Gastronok
  8239 | D:10     | Reached skill level 12 in Axes
  8255 | D:10     | 8255 ||| INVOKING Heroism.
  8271 | D:10     | 8271 ||| Stepping ~*~*~tactically~*~*~ (water).
  8276 | D:10     | 8276 ||| Stepping ~*~*~tactically~*~*~ (water).
  8281 | D:10     | 8281 ||| Stepping ~*~*~tactically~*~*~ (water).
  8357 | D:10     | Found a staircase to the Orcish Mines.
  8371 | D:10     | 8371 ||| Stepping ~*~*~tactically~*~*~ (hiding).
  8375 | D:10     | 8375 ||| INVOKING Heroism.
  8402 | D:10     | Reached skill level 6 in Shields
  8411 | D:10     | 8411 ||| INVOKING Heroism.
  8419 | D:10     | 8419 ||| Stepping ~*~*~tactically~*~*~ (stealth).
  8420 | D:10     | 8420 ||| Stepping ~*~*~tactically~*~*~ (stealth).
  8424 | D:10     | 8424 ||| Stepping ~*~*~tactically~*~*~ (stealth).
  8507 | D:10     | Noticed a two-headed ogre
  8508 | D:10     | 8508 ||| INVOKING Heroism.
  8513 | D:10     | Killed a two-headed ogre
  8607 | D:10     | Found a staircase to the Lair.
  8608 | D:10     | 8608 ||| Stepping ~*~*~tactically~*~*~ (hiding).
  8651 | D:10     | 8651 ||| READING scroll of enchant armour.
  8651 | D:10     | 8651 ||| ENCHANTING +1 helmet.
  8746 | D:10     | 8746 ||| INVOKING Heroism.
  8749 | D:10     | Reached **** piety under Okawaru
  8868 | D:10     | 8868 ||| PLANNING LAIR
  8868 | D:10     | 8868 ||| UPGRADING to ring of Xom's Malicious Joy {AC+4
                  | Str+3}.
  8870 | D:10     | 8870 ||| UPGRADING to +6 ring of strength.
  8872 | D:10     | 8872 ||| DROPPING ring of see invisible.
  8873 | D:10     | 8873 ||| READING 5 scrolls of identify.
  8873 | D:10     | 8873 ||| IDENTIFYING puce potion
  8874 | D:10     | 8874 ||| READING 4 scrolls of identify.
  8874 | D:10     | 8874 ||| IDENTIFYING metallic coppery potion
  8875 | D:10     | 8875 ||| READING 3 scrolls of identify.
  8875 | D:10     | 8875 ||| IDENTIFYING white potion
  8891 | Lair:1   | Entered Level 1 of the Lair of Beasts
  8894 | Lair:1   | 8894 ||| Stepping ~*~*~tactically~*~*~ (stealth).
  8902 | Lair:1   | Received a gift from Okawaru
  8903 | Lair:1   | Reached XP level 12. HP: 71/77 MP: 15/15
  8911 | Lair:1   | 8911 ||| INVOKING Heroism.
  8937 | Lair:1   | 8937 ||| Stepping ~*~*~tactically~*~*~ (hiding).
  8960 | Lair:1   | 8960 ||| INVOKING Heroism.
  9286 | Lair:1   | Received a gift from Okawaru
  9343 | Lair:1   | Reached skill level 9 in Armour
  9377 | Lair:1   | 9377 ||| INVOKING Heroism.
  9391 | Lair:1   | 9391 ||| Stepping ~*~*~tactically~*~*~ (stealth).
  9392 | Lair:1   | 9392 ||| Stepping ~*~*~tactically~*~*~ (stealth).
  9408 | Lair:1   | 9408 ||| INVOKING Heroism.
  9418 | Lair:1   | Reached skill level 6 in Invocations
  9471 | Lair:1   | 9471 ||| INVOKING Heroism.
  9595 | Lair:1   | 9595 ||| Stepping ~*~*~tactically~*~*~ (stealth).
  9596 | Lair:1   | 9596 ||| INVOKING Heroism.
 10017 | Lair:2   | 10017 ||| INVOKING Heroism.
 10126 | Lair:2   | Noticed Erica
 10127 | Lair:2   | 10127 ||| INVOKING Heroism.
 10134 | Lair:2   | Reached skill level 3 in Throwing
 10139 | Lair:2   | Killed Erica
 10260 | Lair:2   | 10260 ||| INVOKING Heroism.
 10326 | Lair:2   | Noticed Sonja
 10340 | Lair:2   | Killed Sonja
 10341 | Lair:2   | Reached XP level 13. HP: 75/82 MP: 19/19
 10364 | Lair:2   | 10364 ||| READING scroll of enchant armour.
 10364 | Lair:2   | 10364 ||| ENCHANTING +0 pair of boots.
 10374 | Lair:2   | Reached ***** piety under Okawaru
 10411 | Lair:2   | 10411 ||| Stepping ~*~*~tactically~*~*~ (stealth).
 10458 | Lair:2   | 10458 ||| Stepping ~*~*~tactically~*~*~ (stealth).
 10460 | Lair:2   | 10460 ||| Stepping ~*~*~tactically~*~*~ (stealth).
 10461 | Lair:2   | 10461 ||| INVOKING Heroism.
 10472 | Lair:2   | Reached skill level 9 in Invocations
 10536 | Lair:2   | 10536 ||| Stepping ~*~*~tactically~*~*~ (hiding).
 10670 | Lair:2   | Found a runed translucent door.
 10672 | Lair:2   | Noticed qw's ghost (journeyman GrFi)
 10675 | Lair:2   | Identified the +1 spear of the Tundras {freeze, *Corrode
                  | Fly rN+ Int+2}
 10715 | Lair:2   | 10715 ||| INVOKING Heroism.
 10737 | Lair:2   | Found a staircase to the Shoals.
 10754 | Lair:2   | Found a hole to the Spider Nest.
 10801 | Lair:2   | Found a hide-covered altar of Uskayaw.
 10801 | Lair:2   | Found an ornate altar of the Wu Jian Council.
 10802 | Lair:2   | 10802 ||| INVOKING Heroism.
 10803 | Lair:2   | 10803 ||| INVOKING Finesse.
 11216 | Lair:2   | 11216 ||| READING scroll labelled BEUHOI DONOU.
 11261 | Lair:3   | 11261 ||| INVOKING Heroism.
 11268 | Lair:3   | Received a gift from Okawaru
 11410 | Lair:3   | 11410 ||| Stepping ~*~*~tactically~*~*~ (hiding).
 11994 | Lair:3   | 11994 ||| UPGRADING to +1 pair of gloves.
 11999 | Lair:3   | 11999 ||| READING 6 scrolls of identify.
 11999 | Lair:3   | 11999 ||| IDENTIFYING pink potion
 12000 | Lair:3   | 12000 ||| DROPPING potion of degeneration.
 12027 | Lair:4   | 12027 ||| INVOKING Heroism.
 12055 | Lair:4   | 12055 ||| INVOKING Finesse.
 12060 | Lair:4   | 12060 ||| Stepping ~*~*~tactically~*~*~ (stealth).
 12076 | Lair:4   | 12076 ||| Stepping ~*~*~tactically~*~*~ (stealth).
 12083 | Lair:4   | 12083 ||| INVOKING Finesse.
 12093 | Lair:4   | 12093 ||| INVOKING Heroism.
 12133 | Lair:4   | 12133 ||| Stepping ~*~*~tactically~*~*~ (stealth).
 12174 | Lair:4   | 12174 ||| Stepping ~*~*~tactically~*~*~ (stealth).
 12176 | Lair:4   | 12176 ||| INVOKING Heroism.
 12177 | Lair:4   | Noticed Nessos
 12178 | Lair:4   | 12178 ||| Stepping ~*~*~tactically~*~*~ (hiding).
 12179 | Lair:4   | 12179 ||| SWAPPING to +0 morningstar.
 12187 | Lair:4   | 12187 ||| SWAPPING to +0 spectral war axe.
 12188 | Lair:4   | 12188 ||| INVOKING Finesse.
 12190 | Lair:4   | HP: 21/84 [Nessos/arrow (2)]
 12191 | Lair:4   | 12191 ||| READING 9 scrolls of teleportation.
 12191 | Lair:4   | HP: 9/84 [Nessos/arrow (13)]
 12192 | Lair:4   | 12192 ||| DRINKING 5 potions of heal wounds.
 12223 | Lair:4   | 12223 ||| Stepping ~*~*~tactically~*~*~ (hiding).
 12231 | Lair:4   | 12231 ||| INVOKING Heroism.
 12239 | Lair:4   | Killed Nessos
 12258 | Lair:4   | 12258 ||| FLEEEEING.
 12259 | Lair:4   | 12259 ||| STAIRDANCE
 12281 | Lair:4   | 12281 ||| STAIRDANCE
 12317 | Lair:4   | 12317 ||| DROPPING +2 flail of protection.
 12382 | Lair:4   | Reached skill level 7 in Shields
 12406 | Lair:4   | 12406 ||| INVOKING Heroism.
 12417 | Lair:4   | 12417 ||| INVOKING Finesse.
 12418 | Lair:4   | 12418 ||| INVOKING Finesse.
 12432 | Lair:4   | Received a gift from Okawaru
 12458 | Lair:4   | 12458 ||| INVOKING Heroism.
 12498 | Lair:4   | 12498 ||| INVOKING Heroism.
 12499 | Lair:4   | 12499 ||| INVOKING Finesse.
 12503 | Lair:4   | 12503 ||| SWAPPING to +0 morningstar.
 12510 | Lair:4   | Gained mutation: Your large and strong wings let you fly.
                  | [Gargoyle growth]
 12510 | Lair:4   | Reached XP level 14. HP: 90/90 MP: 14/21
 12510 | Lair:4   | 12510 ||| SWAPPING to +0 spectral war axe.
 12630 | Lair:4   | 12630 ||| READING scroll of enchant armour.
 12630 | Lair:4   | 12630 ||| ENCHANTING +1 pair of gloves.
 12660 | Lair:4   | 12660 ||| DROPPING +1 heavy war axe.
 12812 | Lair:4   | 12812 ||| READING scroll labelled NODUEK HAMEWK.
 12856 | Lair:5   | Entered Level 5 of the Lair of Beasts
 12859 | Lair:5   | 12859 ||| READING scroll of enchant armour.
 12859 | Lair:5   | 12859 ||| ENCHANTING +1 pair of boots.
 12873 | Lair:5   | 12873 ||| Stepping ~*~*~tactically~*~*~ (stealth).
 12877 | Lair:5   | Reached skill level 15 in Axes
 12878 | Lair:5   | 12878 ||| Stepping ~*~*~tactically~*~*~ (stealth).
 12906 | Lair:5   | Reached skill level 3 in Dodging
 12939 | Lair:5   | 12939 ||| INVOKING Heroism.
 12940 | Lair:5   | 12940 ||| Stepping ~*~*~tactically~*~*~ (stealth).
 12945 | Lair:5   | 12945 ||| INVOKING Finesse.
 12991 | Lair:5   | 12991 ||| INVOKING Heroism.
 12992 | Lair:5   | 12992 ||| INVOKING Finesse.
 12997 | Lair:5   | 12997 ||| Stepping ~*~*~tactically~*~*~ (stealth).
 13077 | Lair:5   | 13077 ||| Stepping ~*~*~tactically~*~*~ (stealth).
 13078 | Lair:5   | 13078 ||| Stepping ~*~*~tactically~*~*~ (stealth).
 13080 | Lair:5   | 13080 ||| INVOKING Heroism.
 13081 | Lair:5   | 13081 ||| SWAPPING to +0 morningstar.
 13082 | Lair:5   | 13082 ||| INVOKING Finesse.
 13090 | Lair:5   | 13090 ||| SWAPPING to +0 spectral war axe.
 13107 | Lair:5   | 13107 ||| Stepping ~*~*~tactically~*~*~ (stealth).
 13194 | Lair:5   | 13194 ||| Stepping ~*~*~tactically~*~*~ (stealth).
 13196 | Lair:5   | 13196 ||| Stepping ~*~*~tactically~*~*~ (hiding).
 13198 | Lair:5   | 13198 ||| Stepping ~*~*~tactically~*~*~ (hiding).
 13199 | Lair:5   | 13199 ||| Stepping ~*~*~tactically~*~*~ (hiding).
 13317 | Lair:5   | 13317 ||| Stepping ~*~*~tactically~*~*~ (stealth).
 13324 | Lair:5   | 13324 ||| Stepping ~*~*~tactically~*~*~ (stealth).
 13367 | Lair:5   | 13367 ||| INVOKING Heroism.
 13368 | Lair:5   | 13368 ||| INVOKING Finesse.
 13372 | Lair:5   | 13372 ||| SWAPPING to +0 morningstar.
 13384 | Lair:5   | 13384 ||| SWAPPING to +0 spectral war axe.
 13422 | Lair:5   | 13422 ||| READING scroll of enchant weapon.
 13422 | Lair:5   | 13422 ||| ENCHANTING +0 spectral war axe.
 13479 | Lair:5   | Reached skill level 12 in Fighting
 13500 | Lair:5   | 13500 ||| Stepping ~*~*~tactically~*~*~ (hiding).
 13502 | Lair:5   | 13502 ||| INVOKING Heroism.
 13503 | Lair:5   | 13503 ||| INVOKING Finesse.
 13584 | Lair:5   | 13584 ||| Stepping ~*~*~tactically~*~*~ (hiding).
 13608 | Lair:5   | 13608 ||| Stepping ~*~*~tactically~*~*~ (stealth).
 13741 | Lair:5   | Received a gift from Okawaru
 13744 | Lair:5   | Found a viscous altar of Jiyva.
 13753 | Lair:5   | Found a staircase to the Slime Pits.
 13901 | Lair:5   | 13901 ||| Stepping ~*~*~tactically~*~*~ (stealth).
 13910 | Lair:5   | 13910 ||| INVOKING Heroism.
 13911 | Lair:5   | 13911 ||| INVOKING Finesse.
 14321 | Lair:5   | Identified the +7 rapier "Bixoet" {venom, rC+ Will- rCorr}
 14323 | Lair:5   | 14323 ||| PLANNING D:1-11
 14475 | D:11     | 14475 ||| INVOKING Heroism.
 14492 | D:11     | 14492 ||| Stepping ~*~*~tactically~*~*~ (hiding).
 14497 | D:11     | 14497 ||| Stepping ~*~*~tactically~*~*~ (hiding).
 14516 | D:11     | 14516 ||| INVOKING Heroism.
 14927 | D:11     | 14927 ||| PLANNING LAIR
 15013 | Lair:5   | 15013 ||| PLANNING D
 15023 | Lair:5   | 15023 ||| PLANNING LAIR
 15024 | Lair:5   | 15024 ||| PLANNING D
 15039 | Lair:5   | 15039 ||| PLANNING LAIR
 15040 | Lair:5   | 15040 ||| PLANNING D
 15051 | Lair:5   | 15051 ||| PLANNING LAIR
 15052 | Lair:5   | 15052 ||| PLANNING D
 15062 | Lair:5   | 15062 ||| PLANNING LAIR
 15063 | Lair:5   | 15063 ||| PLANNING D
 15071 | Lair:5   | 15071 ||| PLANNING LAIR
 15072 | Lair:5   | 15072 ||| PLANNING D
 15094 | Lair:5   | 15094 ||| PLANNING LAIR
 15095 | Lair:5   | 15095 ||| PLANNING D
 15120 | Lair:5   | 15120 ||| PLANNING LAIR
 15121 | Lair:5   | 15121 ||| PLANNING D
 15148 | Lair:5   | 15148 ||| PLANNING LAIR
 15149 | Lair:5   | 15149 ||| PLANNING D
 15163 | Lair:5   | 15163 ||| PLANNING LAIR
 15164 | Lair:5   | 15164 ||| PLANNING D
 15183 | Lair:5   | 15183 ||| PLANNING LAIR
 15184 | Lair:5   | 15184 ||| PLANNING D
 15200 | Lair:5   | 15200 ||| PLANNING LAIR
 15200 | Lair:5   | 15200 ||| Stepping randomly (stuck).
 15201 | Lair:5   | 15201 ||| PLANNING D
 15341 | D:12     | 15341 ||| Stepping ~*~*~tactically~*~*~ (stealth).
 15343 | D:12     | 15343 ||| INVOKING Heroism.
 15465 | D:12     | 15465 ||| INVOKING Heroism.
 15479 | D:12     | Reached XP level 15. HP: 82/96 MP: 20/22
 15502 | D:12     | Reached skill level 8 in Shields
 15561 | D:12     | 15561 ||| Stepping ~*~*~tactically~*~*~ (stealth).
 15587 | D:12     | 15587 ||| READING scroll of enchant armour.
 15587 | D:12     | 15587 ||| ENCHANTING +0 plate armour.
 15626 | D:12     | 15626 ||| READING scroll of enchant armour.
 15626 | D:12     | 15626 ||| ENCHANTING +1 plate armour.
 15734 | D:12     | Found The Oracle's Delphic Readings.
 15738 | D:12     | 15738 ||| BUYING scroll of identify (22 gold).
 15738 | D:12     | Bought a scroll of identify for 22 gold pieces
 15777 | D:12     | 15777 ||| Stepping ~*~*~tactically~*~*~ (hiding).
 15781 | D:12     | 15781 ||| Stepping ~*~*~tactically~*~*~ (hiding).
 15785 | D:12     | Reached skill level 6 in Throwing
 15785 | D:12     | 15785 ||| Stepping ~*~*~tactically~*~*~ (hiding).
 15788 | D:12     | 15788 ||| Stepping ~*~*~tactically~*~*~ (hiding).
 15897 | D:12     | 15897 ||| Stepping ~*~*~tactically~*~*~ (hiding).
 15898 | D:12     | 15898 ||| Stepping ~*~*~tactically~*~*~ (hiding).
 15902 | D:12     | 15902 ||| INVOKING Heroism.
 16308 | D:13     | Found a runed translucent door.
 16415 | D:13     | 16415 ||| Stepping ~*~*~tactically~*~*~ (cloud).
 16444 | D:13     | Found a gate to the Vaults.
 16445 | D:13     | 16445 ||| INVOKING Heroism.
 16455 | D:13     | 16455 ||| SWAPPING to +0 morningstar.
 16470 | D:13     | HP: 24/97 [six-headed hydra (11)]
 16471 | D:13     | 16471 ||| READING 10 scrolls of teleportation.
 16472 | D:13     | 16472 ||| DRINKING 4 potions of heal wounds.
 16474 | D:13     | Received a gift from Okawaru
 16475 | D:13     | 16475 ||| INVOKING Heroism.
 16476 | D:13     | 16476 ||| SWAPPING to +1 spectral war axe.
 16476 | D:13     | HP: 21/97 [vampire mosquito (6)]
 16477 | D:13     | 16477 ||| DRINKING 3 potions of heal wounds.
 16487 | D:13     | HP: 17/97 [vault guard/+0 bardiche (9)]
 16488 | D:13     | 16488 ||| READING 9 scrolls of teleportation.
 16489 | D:13     | 16489 ||| DRINKING 2 potions of heal wounds.
 16520 | D:13     | 16520 ||| Stepping ~*~*~tactically~*~*~ (hiding).
 16521 | D:13     | 16521 ||| Stepping ~*~*~tactically~*~*~ (hiding).
 16531 | D:13     | 16531 ||| FLEEEEING.
 16531 | D:13     | Noticed Erolcha
 16535 | D:13     | Killed Erolcha
 16535 | D:13     | Received a gift from Okawaru
 16641 | D:13     | Found a runed translucent door.
 16642 | D:13     | Found a runed translucent door.
 16784 | D:13     | 16784 ||| Stepping ~*~*~tactically~*~*~ (hiding).
 16786 | D:13     | 16786 ||| Stepping ~*~*~tactically~*~*~ (hiding).
 16788 | D:13     | 16788 ||| Stepping ~*~*~tactically~*~*~ (hiding).
 16789 | D:13     | 16789 ||| Stepping ~*~*~tactically~*~*~ (hiding).
 16791 | D:13     | 16791 ||| Stepping ~*~*~tactically~*~*~ (hiding).
 16792 | D:13     | 16792 ||| Stepping ~*~*~tactically~*~*~ (hiding).
 16794 | D:13     | 16794 ||| Stepping ~*~*~tactically~*~*~ (hiding).
 16807 | D:13     | 16807 ||| Stepping ~*~*~tactically~*~*~ (hiding).
 16810 | D:13     | 16810 ||| Stepping ~*~*~tactically~*~*~ (hiding).
 16812 | D:13     | 16812 ||| Stepping ~*~*~tactically~*~*~ (hiding).
 17009 | D:13     | 17009 ||| UPGRADING to amulet of reflection.
 17019 | D:13     | 17019 ||| DROPPING amulet of regeneration.
 17169 | D:14     | Found a stormy altar of Qazlal.
 17207 | D:14     | 17207 ||| Stepping ~*~*~tactically~*~*~ (hiding).
 17215 | D:14     | Received a gift from Okawaru
 17255 | D:14     | 17255 ||| INVOKING Heroism.
 17258 | D:14     | 17258 ||| SWAPPING to +0 morningstar.
 17260 | D:14     | Reached skill level 12 in Armour
 17260 | D:14     | 17260 ||| SWAPPING to +1 spectral war axe.
 17297 | D:14     | 17297 ||| READING scroll of enchant weapon.
 17297 | D:14     | 17297 ||| ENCHANTING +1 spectral war axe.
 17298 | D:14     | 17298 ||| DROPPING +2 war axe of electrocution.
 17395 | D:14     | 17395 ||| Stepping ~*~*~tactically~*~*~ (hiding).
 17397 | D:14     | 17397 ||| Stepping ~*~*~tactically~*~*~ (hiding).
 17404 | D:14     | 17404 ||| INVOKING Heroism.
 17422 | D:14     | 17422 ||| Stepping ~*~*~tactically~*~*~ (stealth).
 17455 | D:14     | 17455 ||| Stepping ~*~*~tactically~*~*~ (stealth).
 17516 | D:14     | Noticed Roxanne
 17517 | D:14     | 17517 ||| INVOKING Heroism.
 17549 | D:14     | Reached skill level 9 in Shields
 17555 | D:14     | HP: 21/98 [Roxanne/entropic shot (49)]
 17556 | D:14     | 17556 ||| READING 9 scrolls of teleportation.
 17557 | D:14     | 17557 ||| DRINKING 2 potions of heal wounds.
 17794 | D:14     | 17794 ||| INVOKING Heroism.
 17810 | D:14     | Killed Roxanne
 17842 | D:14     | 17842 ||| Stepping ~*~*~tactically~*~*~ (stealth).
 18163 | D:14     | 18163 ||| Stepping ~*~*~tactically~*~*~ (stealth).
 18166 | D:14     | 18166 ||| Stepping ~*~*~tactically~*~*~ (hiding).
 18210 | D:14     | Noticed Frances
 18211 | D:14     | 18211 ||| INVOKING Heroism.
 18218 | D:14     | Killed Frances
 18442 | D:15     | Entered Level 15 of the Dungeon
 18511 | D:15     | 18511 ||| INVOKING Heroism.
 18512 | D:15     | 18512 ||| SWAPPING to +0 morningstar.
 18518 | D:15     | 18518 ||| SWAPPING to +2 spectral war axe.
 18700 | D:15     | 18700 ||| Stepping ~*~*~tactically~*~*~ (hiding).
 18701 | D:15     | 18701 ||| INVOKING Heroism.
 18934 | D:15     | 18934 ||| INVOKING Heroism.
 18935 | D:15     | 18935 ||| Stepping ~*~*~tactically~*~*~ (hiding).
 18939 | D:15     | 18939 ||| Stepping ~*~*~tactically~*~*~ (hiding).
 18940 | D:15     | 18940 ||| Stepping ~*~*~tactically~*~*~ (hiding).
 18942 | D:15     | 18942 ||| Stepping ~*~*~tactically~*~*~ (hiding).
 19113 | D:15     | Found a staircase to the Depths.
 19135 | D:15     | 19135 ||| INVOKING Heroism.
 19247 | D:15     | 19247 ||| DROPPING amulet of magic regeneration.
 19304 | D:15     | 19304 ||| Stepping randomly (stuck).
 19305 | D:15     | 19305 ||| PLANNING ORC
 19415 | Orc:1    | Entered Level 1 of the Orcish Mines
 19415 | Orc:1    | Found Ginig's Antique Weapon Boutique.
 19416 | Orc:1    | 19416 ||| Stepping ~*~*~tactically~*~*~ (hiding).
 19501 | Orc:1    | 19501 ||| BUYING broad axe (100 gold).
 19501 | Orc:1    | Bought a broad axe for 100 gold pieces
 19689 | Orc:1    | 19689 ||| Stepping ~*~*~tactically~*~*~ (stealth).
 19718 | Orc:1    | 19718 ||| INVOKING Heroism.
 19721 | Orc:1    | Noticed an orc warlord
 19739 | Orc:1    | Killed an orc warlord
 19918 | Orc:2    | Entered Level 2 of the Orcish Mines
 19918 | Orc:2    | Found Plog's Antique Armour Boutique.
 19918 | Orc:2    | Found Suiloah's Weapon Boutique.
 19963 | Orc:2    | Found Rirot's Book Emporium.
 19992 | Orc:2    | 19992 ||| BUYING runed chain mail (232 gold).
 19992 | Orc:2    | Bought a runed chain mail for 232 gold pieces
 20050 | Orc:2    | Received a gift from Okawaru
 20053 | Orc:2    | Found Xevviskadu's Distillery.
 20101 | Orc:2    | 20101 ||| BUYING potion of curing (45 gold).
 20101 | Orc:2    | Bought a potion of curing for 45 gold pieces
 20101 | Orc:2    | 20101 ||| BUYING potion of curing (45 gold).
 20101 | Orc:2    | Bought a potion of curing for 45 gold pieces
 20101 | Orc:2    | 20101 ||| BUYING potion of enlightenment (75 gold).
 20101 | Orc:2    | Bought a potion of enlightenment for 75 gold pieces
 20101 | Orc:2    | 20101 ||| BUYING potion of heal wounds (75 gold).
 20101 | Orc:2    | Bought a potion of heal wounds for 75 gold pieces
 20240 | Orc:2    | 20240 ||| Stepping ~*~*~tactically~*~*~ (hiding).
 20244 | Orc:2    | 20244 ||| Stepping ~*~*~tactically~*~*~ (hiding).
 20272 | Orc:2    | 20272 ||| Stepping ~*~*~tactically~*~*~ (stealth).
 20320 | Orc:2    | Found a staircase to the Elven Halls.
 20383 | Orc:2    | 20383 ||| Stepping ~*~*~tactically~*~*~ (stealth).
 20403 | Orc:2    | 20403 ||| INVOKING Heroism.
 20419 | Orc:2    | Reached XP level 16. HP: 61/106 MP: 23/23
 20423 | Orc:2    | Found Esywkeg's General Store.
 20426 | Orc:2    | Found Gibepn's General Store.
 20430 | Orc:2    | HP: 16/106 [orc priest/divine providence (15)]
 20431 | Orc:2    | 20431 ||| READING 8 scrolls of teleportation.
 20432 | Orc:2    | 20432 ||| DRINKING 3 potions of heal wounds.
 20433 | Orc:2    | 20433 ||| DRINKING 2 potions of heal wounds.
 20658 | Orc:2    | 20658 ||| INVOKING Heroism.
 20664 | Orc:2    | Received a gift from Okawaru
 20678 | Orc:2    | 20678 ||| Stepping ~*~*~tactically~*~*~ (stealth).
 20733 | Orc:2    | 20733 ||| FLEEEEING.
 20735 | Orc:2    | 20735 ||| FLEEEEING.
 20739 | Orc:2    | 20739 ||| FLEEEEING.
 20740 | Orc:2    | 20740 ||| FLEEEEING.
 20741 | Orc:2    | 20741 ||| FLEEEEING.
 20748 | Orc:2    | 20748 ||| FLEEEEING.
 20749 | Orc:2    | 20749 ||| FLEEEEING.
 20750 | Orc:2    | 20750 ||| FLEEEEING.
 20751 | Orc:2    | 20751 ||| FLEEEEING.
 20752 | Orc:2    | 20752 ||| FLEEEEING.
 20753 | Orc:2    | 20753 ||| FLEEEEING.
 20754 | Orc:2    | 20754 ||| FLEEEEING.
 20755 | Orc:2    | 20755 ||| FLEEEEING.
 20756 | Orc:2    | 20756 ||| FLEEEEING.
 20757 | Orc:2    | 20757 ||| FLEEEEING.
 20833 | Orc:2    | 20833 ||| Stepping ~*~*~tactically~*~*~ (stealth).
 20835 | Orc:2    | 20835 ||| Stepping ~*~*~tactically~*~*~ (hiding).
 20933 | Orc:2    | 20933 ||| Stepping ~*~*~tactically~*~*~ (stealth).
 20934 | Orc:2    | 20934 ||| Stepping ~*~*~tactically~*~*~ (stealth).
 20936 | Orc:2    | 20936 ||| Stepping ~*~*~tactically~*~*~ (hiding).
 21046 | Orc:2    | 21046 ||| DROPPING +0 morningstar.
 21054 | Orc:2    | 21054 ||| BUYING 2 scrolls of brand weapon (247 gold).
 21054 | Orc:2    | Bought 2 scrolls of brand weapon for 247 gold pieces
 21054 | Orc:2    | 21054 ||| BUYING potion of lignification (39 gold).
 21054 | Orc:2    | Bought a potion of lignification for 39 gold pieces
 21054 | Orc:2    | 21054 ||| BUYING potion of mutation (104 gold).
 21054 | Orc:2    | Bought a potion of mutation for 104 gold pieces
 21056 | Orc:2    | 21056 ||| BUYING +2 plate armour of willpower (560 gold).
 21056 | Orc:2    | Bought a +2 plate armour of willpower for 560 gold pieces
 21056 | Orc:2    | 21056 ||| BUYING 2 scrolls of identify (56 gold).
 21056 | Orc:2    | Bought 2 scrolls of identify for 56 gold pieces
 21080 | Orc:2    | 21080 ||| Stepping ~*~*~tactically~*~*~ (stealth).
 21082 | Orc:2    | 21082 ||| INVOKING Heroism.
 21086 | Orc:2    | 21086 ||| Stepping ~*~*~tactically~*~*~ (hiding).
 21116 | Orc:2    | HP: 26/107 [orc warrior/+0 short sword (10)]
 21117 | Orc:2    | 21117 ||| READING 7 scrolls of teleportation.
 21118 | Orc:2    | 21118 ||| DRINKING potion of heal wounds.
 21375 | Orc:2    | 21375 ||| Stepping ~*~*~tactically~*~*~ (hiding).
 21379 | Orc:2    | 21379 ||| INVOKING Heroism.
 21406 | Orc:2    | Reached skill level 15 in Fighting
 21447 | Orc:2    | 21447 ||| Stepping ~*~*~tactically~*~*~ (hiding).
 21518 | Orc:2    | 21518 ||| INVOKING Heroism.
 21536 | Orc:2    | 21536 ||| Stepping ~*~*~tactically~*~*~ (hiding).
 21538 | Orc:2    | Paralysed by an orc sorcerer for 4 turns
 21553 | Orc:2    | 21553 ||| INVOKING Heroism.
 21593 | Orc:2    | 21593 ||| Stepping ~*~*~tactically~*~*~ (hiding).
 21613 | Orc:2    | 21613 ||| Stepping ~*~*~tactically~*~*~ (hiding).
 21615 | Orc:2    | 21615 ||| INVOKING Heroism.
 21627 | Orc:2    | 21627 ||| Stepping ~*~*~tactically~*~*~ (hiding).
 21628 | Orc:2    | 21628 ||| Stepping ~*~*~tactically~*~*~ (hiding).
 21637 | Orc:2    | 21637 ||| Stepping ~*~*~tactically~*~*~ (hiding).
 21656 | Orc:2    | Found Agautti's Book Emporium.
 21656 | Orc:2    | Found Voeteb's Antique Weapon Shoppe.
 21657 | Orc:2    | Found a one-way gate leading to the halls of Pandemonium.
 21661 | Orc:2    | 21661 ||| BUYING ancient war axe (204 gold).
 21661 | Orc:2    | Bought an ancient war axe for 204 gold pieces
 21661 | Orc:2    | Identified the +1 war axe "Vayd" {protect, rCorr} (You
                  | bought it in a shop on level 2 of the Orcish Mines)
 21661 | Orc:2    | 21661 ||| SHOPLISTING jewelled war axe (204 gold, have
                  | 141).
 21713 | Orc:2    | Found Emogees's Magic Scroll Shop.
 21716 | Orc:2    | 21716 ||| BUYING scroll of enchant armour (75 gold).
 21716 | Orc:2    | Bought a scroll of enchant armour for 75 gold pieces
 21716 | Orc:2    | 21716 ||| BUYING scroll of teleportation (30 gold).
 21716 | Orc:2    | Bought a scroll of teleportation for 30 gold pieces
 21716 | Orc:2    | 21716 ||| READING scroll of enchant armour.
 21716 | Orc:2    | 21716 ||| ENCHANTING +2 plate armour.
 21717 | Orc:2    | 21717 ||| UPGRADING to +2 plate armour of willpower.
 21727 | Orc:2    | 21727 ||| PLANNING SHOALS:1-3
 21727 | Orc:2    | 21727 ||| DROPPING +2 chain mail of poison resistance.
 21840 | Shoals:1 | Entered Level 1 of the Shoals
 22135 | Shoals:1 | 22135 ||| Stepping ~*~*~tactically~*~*~ (cloud).
 22206 | Shoals:1 | Reached skill level 10 in Shields
 22208 | Shoals:1 | 22208 ||| Stepping ~*~*~tactically~*~*~ (cloud).
 22255 | Shoals:1 | 22255 ||| Stepping ~*~*~tactically~*~*~ (stealth).
 22257 | Shoals:1 | 22257 ||| Stepping ~*~*~tactically~*~*~ (hiding).
 22258 | Shoals:1 | 22258 ||| Stepping ~*~*~tactically~*~*~ (hiding).
 22284 | Shoals:1 | Noticed Mlioglotl
 22285 | Shoals:1 | 22285 ||| INVOKING Heroism.
 22286 | Shoals:1 | 22286 ||| INVOKING Finesse.
 22295 | Shoals:1 | 22295 ||| PLANNING SHOALS:1-3
 22299 | Shoals:1 | Killed Mlioglotl
 22299 | Shoals:1 | Received a gift from Okawaru
 22792 | Shoals:2 | 22792 ||| INVOKING Heroism.
 22841 | Shoals:2 | 22841 ||| Stepping ~*~*~tactically~*~*~ (hiding).
 22842 | Shoals:2 | 22842 ||| Stepping ~*~*~tactically~*~*~ (hiding).
 22847 | Shoals:2 | 22847 ||| Stepping ~*~*~tactically~*~*~ (hiding).
 22848 | Shoals:2 | 22848 ||| Stepping ~*~*~tactically~*~*~ (hiding).
 22947 | Shoals:2 | 22947 ||| INVOKING Heroism.
 22959 | Shoals:2 | 22959 ||| Stepping ~*~*~tactically~*~*~ (cloud).
 22980 | Shoals:2 | 22980 ||| INVOKING Finesse.
 22989 | Shoals:2 | 22989 ||| INVOKING Heroism.
 23099 | Shoals:2 | 23099 ||| Stepping ~*~*~tactically~*~*~ (hiding).
 23100 | Shoals:2 | 23100 ||| Stepping ~*~*~tactically~*~*~ (hiding).
 23101 | Shoals:2 | 23101 ||| Stepping ~*~*~tactically~*~*~ (hiding).
 23213 | Shoals:2 | 23213 ||| Stepping ~*~*~tactically~*~*~ (hiding).
 23214 | Shoals:2 | 23214 ||| INVOKING Heroism.
 23461 | Shoals:2 | 23461 ||| INVOKING Heroism.
 23465 | Shoals:2 | Received a gift from Okawaru
 23520 | Shoals:2 | Reached skill level 15 in Armour
 23709 | Shoals:2 | Found a runed translucent door.
 23709 | Shoals:2 | Found a shimmering altar of Xom.
 23709 | Shoals:2 | Noticed Jafont's ghost (journeyman HOFE)
 23893 | Shoals:2 | 23893 ||| DROPPING amulet of the acrobat.
 23894 | Shoals:2 | 23894 ||| UPGRADING to +5 ring of evasion.
 23896 | Shoals:2 | 23896 ||| DROPPING +6 ring of strength.
 23937 | Shoals:3 | Noticed Ilsuiw
 23938 | Shoals:3 | 23938 ||| INVOKING Heroism.
 23940 | Shoals:3 | 23940 ||| INVOKING Finesse.
 23964 | Shoals:3 | Killed Ilsuiw
 24030 | Shoals:3 | 24030 ||| INVOKING Heroism.
 24064 | Shoals:3 | 24064 ||| Stepping ~*~*~tactically~*~*~ (hiding).
 24075 | Shoals:3 | Reached XP level 17. HP: 116/116 MP: 24/24
 24076 | Shoals:3 | 24076 ||| Stepping ~*~*~tactically~*~*~ (hiding).
 24077 | Shoals:3 | 24077 ||| Stepping ~*~*~tactically~*~*~ (hiding).
 24331 | Shoals:3 | Noticed a kraken
 24337 | Shoals:3 | Killed a kraken
 24757 | Shoals:3 | 24757 ||| PLANNING SPIDER:1-3
 24757 | Shoals:3 | 24757 ||| UPGRADING to +0 cloak.
 24762 | Shoals:3 | 24762 ||| DROPPING ring of positive energy.
 24827 | Spider:1 | Entered Level 1 of the Spider Nest
 24833 | Spider:1 | Received a gift from Okawaru
 24869 | Spider:1 | 24869 ||| Stepping ~*~*~tactically~*~*~ (stealth).
 24873 | Spider:1 | 24873 ||| FLEEEEING.
 24874 | Spider:1 | 24874 ||| FLEEEEING.
 24875 | Spider:1 | 24875 ||| FLEEEEING.
 24876 | Spider:1 | 24876 ||| STAIRDANCE
 24938 | Spider:1 | 24938 ||| STAIRDANCE
 25002 | Spider:1 | 25002 ||| DRINKING 9 potions of curing.
 25002 | Spider:1 | 25002 ||| (to cure confusion)
 25079 | Spider:1 | 25079 ||| INVOKING Finesse.
 25109 | Spider:1 | Noticed Aizul
 25110 | Spider:1 | 25110 ||| Stepping ~*~*~tactically~*~*~ (hiding).
 25111 | Spider:1 | 25111 ||| Stepping ~*~*~tactically~*~*~ (hiding).
 25112 | Spider:1 | 25112 ||| Stepping ~*~*~tactically~*~*~ (hiding).
 25113 | Spider:1 | 25113 ||| INVOKING Heroism.
 25124 | Spider:1 | Killed Aizul
 25179 | Spider:1 | Noticed Donald
 25180 | Spider:1 | 25180 ||| INVOKING Heroism.
 25187 | Spider:1 | 25187 ||| Stepping ~*~*~tactically~*~*~ (hiding).
 25204 | Spider:1 | Killed Donald
 25256 | Spider:1 | 25256 ||| INVOKING Heroism.
 25479 | Spider:1 | 25479 ||| Stepping ~*~*~tactically~*~*~ (stealth).
 25494 | Spider:1 | Noticed Nikola
 25495 | Spider:1 | 25495 ||| INVOKING Heroism.
 25509 | Spider:1 | Killed Nikola
 25516 | Spider:1 | 25516 ||| Stepping ~*~*~tactically~*~*~ (stealth).
 25523 | Spider:1 | 25523 ||| Stepping ~*~*~tactically~*~*~ (stealth).
 25553 | Spider:1 | 25553 ||| Stepping ~*~*~tactically~*~*~ (stealth).
 25556 | Spider:1 | 25556 ||| Stepping ~*~*~tactically~*~*~ (stealth).
 25657 | Spider:1 | 25657 ||| Stepping ~*~*~tactically~*~*~ (hiding).
 25658 | Spider:1 | 25658 ||| Stepping ~*~*~tactically~*~*~ (hiding).
 25689 | Spider:1 | 25689 ||| Stepping ~*~*~tactically~*~*~ (stealth).
 25864 | Spider:1 | 25864 ||| UPGRADING to +0 kite shield of reflection.
 25874 | Spider:1 | 25874 ||| DROPPING +0 buckler.
 25919 | Spider:2 | 25919 ||| Stepping ~*~*~tactically~*~*~ (hiding).
 25922 | Spider:2 | 25922 ||| Stepping ~*~*~tactically~*~*~ (hiding).
 25975 | Spider:2 | 25975 ||| INVOKING Finesse.
 25981 | Spider:2 | 25981 ||| INVOKING Heroism.
 26167 | Spider:2 | 26167 ||| INVOKING Heroism.
 26194 | Spider:2 | Reached skill level 11 in Shields
 26605 | Spider:2 | 26605 ||| Stepping ~*~*~tactically~*~*~ (stealth).
 26607 | Spider:2 | 26607 ||| Stepping ~*~*~tactically~*~*~ (hiding).
 26614 | Spider:2 | Received a gift from Okawaru
 26734 | Spider:3 | 26734 ||| READING scroll of enchant armour.
 26734 | Spider:3 | 26734 ||| ENCHANTING +0 cloak.
 26802 | Spider:3 | 26802 ||| Stepping ~*~*~tactically~*~*~ (hiding).
 26810 | Spider:3 | 26810 ||| INVOKING Heroism.
 26851 | Spider:3 | 26851 ||| Stepping ~*~*~tactically~*~*~ (stealth).
 26858 | Spider:3 | Reached skill level 12 in Shields
 26944 | Spider:3 | 26944 ||| Stepping ~*~*~tactically~*~*~ (stealth).
 26963 | Spider:3 | Noticed Bai Suzhen
 26964 | Spider:3 | 26964 ||| INVOKING Heroism.
 26965 | Spider:3 | 26965 ||| INVOKING Finesse.
 26966 | Spider:3 | 26966 ||| SWAPPING to +1 morningstar of protection.
 26991 | Spider:3 | Killed Bai Suzhen
 26992 | Spider:3 | 26992 ||| Stepping ~*~*~tactically~*~*~ (cloud).
 26993 | Spider:3 | 26993 ||| SWAPPING to +2 spectral war axe.
 27207 | Spider:3 | 27207 ||| Stepping ~*~*~tactically~*~*~ (stealth).
 27209 | Spider:3 | 27209 ||| Stepping ~*~*~tactically~*~*~ (hiding).
 27211 | Spider:3 | 27211 ||| INVOKING Heroism.
 27294 | Spider:3 | 27294 ||| Stepping ~*~*~tactically~*~*~ (stealth).
 27463 | Spider:3 | 27463 ||| PLANNING SHOALS:4
 27559 | Shoals:4 | Entered Level 4 of the Shoals
 27560 | Shoals:4 | 27560 ||| INVOKING Heroism.
 27619 | Shoals:4 | 27619 ||| Stepping ~*~*~tactically~*~*~ (stealth).
 27621 | Shoals:4 | 27621 ||| Stepping ~*~*~tactically~*~*~ (hiding).
 27623 | Shoals:4 | 27623 ||| INVOKING Heroism.
 27638 | Shoals:4 | Reached skill level 13 in Shields
 27776 | Shoals:4 | 27776 ||| Stepping ~*~*~tactically~*~*~ (hiding).
 27795 | Shoals:4 | 27795 ||| Stepping ~*~*~tactically~*~*~ (hiding).
 27796 | Shoals:4 | 27796 ||| Stepping ~*~*~tactically~*~*~ (hiding).
 27926 | Shoals:4 | Reached XP level 18. HP: 102/123 MP: 25/25
 27978 | Shoals:4 | 27978 ||| DROPPING +1 morningstar of protection.
 27981 | Shoals:4 | 27981 ||| Stepping ~*~*~tactically~*~*~ (hiding).
 27982 | Shoals:4 | 27982 ||| Stepping ~*~*~tactically~*~*~ (hiding).
 27983 | Shoals:4 | 27983 ||| Stepping ~*~*~tactically~*~*~ (hiding).
 27985 | Shoals:4 | 27985 ||| INVOKING Heroism.
 27990 | Shoals:4 | Received a gift from Okawaru
 28050 | Shoals:4 | 28050 ||| Stepping ~*~*~tactically~*~*~ (hiding).
 28052 | Shoals:4 | 28052 ||| Stepping ~*~*~tactically~*~*~ (hiding).
 28234 | Shoals:4 | 28234 ||| READING scroll of enchant weapon.
 28234 | Shoals:4 | 28234 ||| ENCHANTING +2 spectral war axe.
 28245 | Shoals:4 | 28245 ||| Stepping ~*~*~tactically~*~*~ (stealth).
 28249 | Shoals:4 | 28249 ||| Stepping ~*~*~tactically~*~*~ (stealth).
 28251 | Shoals:4 | 28251 ||| Stepping ~*~*~tactically~*~*~ (hiding).
 28416 | Shoals:4 | 28416 ||| Stepping ~*~*~tactically~*~*~ (hiding).
 28429 | Shoals:4 | Reached skill level 14 in Shields
 28488 | Shoals:4 | 28488 ||| INVOKING Heroism.
 28511 | Shoals:4 | Received a gift from Okawaru
 28585 | Shoals:4 | 28585 ||| INVOKING Heroism.
 28586 | Shoals:4 | 28586 ||| INVOKING Finesse.
 28816 | Shoals:4 | 28816 ||| Stepping ~*~*~tactically~*~*~ (hiding).
 28818 | Shoals:4 | 28818 ||| INVOKING Heroism.
 28838 | Shoals:4 | 28838 ||| Stepping ~*~*~tactically~*~*~ (cloud).
 28862 | Shoals:4 | Reached skill level 15 in Shields
 28964 | Shoals:4 | Got a barnacled rune of Zot
 29333 | Shoals:4 | 29333 ||| Stepping ~*~*~tactically~*~*~ (hiding).
 29334 | Shoals:4 | 29334 ||| Stepping ~*~*~tactically~*~*~ (hiding).
 29340 | Shoals:4 | 29340 ||| INVOKING Heroism.
 29379 | Shoals:4 | 29379 ||| PLANNING VAULTS:1-4
 29559 | Vaults:1 | Entered Level 1 of the Vaults
 29560 | Vaults:1 | 29560 ||| PLANNING BAZAAR
 29571 | Vaults:1 | 29571 ||| INVOKING Heroism.
 29738 | Vaults:1 | 29738 ||| INVOKING Heroism.
 29796 | Vaults:1 | 29796 ||| Stepping ~*~*~tactically~*~*~ (stealth).
 29797 | Vaults:1 | 29797 ||| INVOKING Heroism.
 29798 | Vaults:1 | 29798 ||| INVOKING Finesse.
 29799 | Vaults:1 | 29799 ||| INVOKING Finesse.
 29807 | Vaults:1 | Received a gift from Okawaru
 29912 | Vaults:1 | 29912 ||| INVOKING Heroism.
 30063 | Vaults:1 | 30063 ||| INVOKING Heroism.
 30226 | Vaults:1 | 30226 ||| FLEEEEING.
 30227 | Vaults:1 | 30227 ||| FLEEEEING.
 30233 | Vaults:1 | 30233 ||| FLEEEEING.
 30234 | Vaults:1 | 30234 ||| FLEEEEING.
 30241 | Vaults:1 | 30241 ||| INVOKING Heroism.
 30262 | Vaults:1 | Received a gift from Okawaru
 30271 | Vaults:1 | Reached skill level 16 in Shields
 30280 | Vaults:1 | 30280 ||| FLEEEEING.
 30286 | Vaults:1 | HP: 27/123 [deep troll[an ironbound preserver] (9)]
 30287 | Vaults:1 | 30287 ||| READING 11 scrolls of teleportation.
 30288 | Vaults:1 | 30288 ||| DRINKING potion of heal wounds.
 30527 | Vaults:1 | 30527 ||| RIP BAZAAR
 30534 | Vaults:1 | 30534 ||| PLANNING VAULTS:1-4
 30604 | Vaults:1 | Received a gift from Okawaru
 30743 | Vaults:1 | Received a gift from Okawaru
 30744 | Vaults:1 | 30744 ||| FLEEEEING.
 30745 | Vaults:1 | 30745 ||| FLEEEEING.
 30746 | Vaults:1 | 30746 ||| FLEEEEING.
 30747 | Vaults:1 | 30747 ||| FLEEEEING.
 30748 | Vaults:1 | 30748 ||| FLEEEEING.
 30749 | Vaults:1 | 30749 ||| FLEEEEING.
 30750 | Vaults:1 | 30750 ||| FLEEEEING.
 30751 | Vaults:1 | 30751 ||| FLEEEEING.
 30752 | Vaults:1 | 30752 ||| FLEEEEING.
 30753 | Vaults:1 | 30753 ||| FLEEEEING.
 30754 | Vaults:1 | 30754 ||| FLEEEEING.
 30755 | Vaults:1 | 30755 ||| FLEEEEING.
 30756 | Vaults:1 | 30756 ||| FLEEEEING.
 30757 | Vaults:1 | 30757 ||| FLEEEEING.
 30768 | Vaults:1 | 30768 ||| INVOKING Heroism.
 30939 | Vaults:1 | Received a gift from Okawaru
 30945 | Vaults:1 | Reached skill level 18 in Fighting
 30945 | Vaults:1 | 30945 ||| FLEEEEING.
 30946 | Vaults:1 | 30946 ||| FLEEEEING.
 30947 | Vaults:1 | 30947 ||| FLEEEEING.
 30948 | Vaults:1 | 30948 ||| FLEEEEING.
 30949 | Vaults:1 | 30949 ||| FLEEEEING.
 30950 | Vaults:1 | 30950 ||| FLEEEEING.
 30951 | Vaults:1 | 30951 ||| FLEEEEING.
 30998 | Vaults:1 | 30998 ||| Stepping ~*~*~tactically~*~*~ (stealth).
 31000 | Vaults:1 | 31000 ||| Stepping ~*~*~tactically~*~*~ (stealth).
 31010 | Vaults:1 | 31010 ||| INVOKING Heroism.
 31012 | Vaults:1 | Reached XP level 19. HP: 89/130 MP: 23/26
 31277 | Vaults:1 | 31277 ||| Stepping ~*~*~tactically~*~*~ (hiding).
 31948 | Vaults:2 | Identified the +4 great mace of Quticoexil {holy, Dex+3
                  | Stlth+}
 31963 | Vaults:2 | 31963 ||| INVOKING Finesse.
 32117 | Vaults:2 | 32117 ||| Stepping ~*~*~tactically~*~*~ (hiding).
 32118 | Vaults:2 | 32118 ||| Stepping ~*~*~tactically~*~*~ (hiding).
 32119 | Vaults:2 | 32119 ||| Stepping ~*~*~tactically~*~*~ (hiding).
 32120 | Vaults:2 | 32120 ||| Stepping ~*~*~tactically~*~*~ (hiding).
 32121 | Vaults:2 | 32121 ||| Stepping ~*~*~tactically~*~*~ (hiding).
 32122 | Vaults:2 | 32122 ||| Stepping ~*~*~tactically~*~*~ (hiding).
 32123 | Vaults:2 | 32123 ||| Stepping ~*~*~tactically~*~*~ (hiding).
 32140 | Vaults:2 | 32140 ||| INVOKING Heroism.
 32150 | Vaults:2 | Reached skill level 18 in Armour
 32169 | Vaults:2 | HP: 31/130 [lindwurm (5)]
 32170 | Vaults:2 | 32170 ||| READING 10 scrolls of teleportation.
 32170 | Vaults:2 | HP: 13/130 [ironbound convoker/+0 dire flail[a vault
                  | warden] (17)]
 32173 | Vaults:2 | HP: 6/130 [ironbound convoker/+0 dire flail[a vault warden]
                  | (3)]
 32174 | Vaults:2 | HP: 1/130 [lindwurm (5)]
 32177 | Vaults:2 | 32177 ||| READING 9 scrolls of teleportation.
 32182 | Vaults:2 | 32182 ||| INVOKING Heroism.
 32185 | Vaults:2 | 32185 ||| READING 8 scrolls of teleportation.
 32188 | Vaults:2 | HP: 5/130 [something[an ironbound preserver] (1)]
 32188 | Vaults:2 | HP: 1/130 [something[an ironbound preserver] (4)]
 32523 | Vaults:2 | Received a gift from Okawaru
 32523 | Vaults:2 | Found the +10 tower shield of Ignorance {rN+ Int-4}
 32525 | Vaults:2 | 32525 ||| INVOKING Heroism.
 32678 | Vaults:2 | 32678 ||| Stepping ~*~*~tactically~*~*~ (stealth).
 32679 | Vaults:2 | 32679 ||| Stepping ~*~*~tactically~*~*~ (stealth).
 32682 | Vaults:2 | 32682 ||| Stepping ~*~*~tactically~*~*~ (hiding).
 32685 | Vaults:2 | 32685 ||| Stepping ~*~*~tactically~*~*~ (hiding).
 32742 | Vaults:2 | 32742 ||| Stepping ~*~*~tactically~*~*~ (stealth).
 32744 | Vaults:2 | 32744 ||| Stepping ~*~*~tactically~*~*~ (hiding).
 32955 | Vaults:2 | 32955 ||| INVOKING Heroism.
 32956 | Vaults:2 | 32956 ||| INVOKING Finesse.
 33035 | Vaults:2 | 33035 ||| Stepping ~*~*~tactically~*~*~ (hiding).
 33044 | Vaults:2 | Reached skill level 9 in Throwing
 33269 | Vaults:2 | 33269 ||| FLEEEEING.
 33270 | Vaults:2 | 33270 ||| FLEEEEING.
 33273 | Vaults:2 | 33273 ||| FLEEEEING.
 33274 | Vaults:2 | 33274 ||| FLEEEEING.
 33275 | Vaults:2 | 33275 ||| FLEEEEING.
 33276 | Vaults:2 | 33276 ||| FLEEEEING.
 33277 | Vaults:2 | 33277 ||| FLEEEEING.
 33278 | Vaults:2 | 33278 ||| FLEEEEING.
 33279 | Vaults:2 | 33279 ||| FLEEEEING.
 33280 | Vaults:2 | 33280 ||| FLEEEEING.
 33281 | Vaults:2 | 33281 ||| FLEEEEING.
 33282 | Vaults:2 | 33282 ||| FLEEEEING.
 33283 | Vaults:2 | 33283 ||| FLEEEEING.
 33284 | Vaults:2 | 33284 ||| FLEEEEING.
 33285 | Vaults:2 | 33285 ||| FLEEEEING.
 33286 | Vaults:2 | 33286 ||| FLEEEEING.
 33287 | Vaults:2 | 33287 ||| FLEEEEING.
 33288 | Vaults:2 | 33288 ||| FLEEEEING.
 33289 | Vaults:2 | 33289 ||| FLEEEEING.
 33290 | Vaults:2 | 33290 ||| FLEEEEING.
 33291 | Vaults:2 | 33291 ||| FLEEEEING.
 33292 | Vaults:2 | 33292 ||| FLEEEEING.
 33293 | Vaults:2 | 33293 ||| FLEEEEING.
 33294 | Vaults:2 | 33294 ||| FLEEEEING.
 33295 | Vaults:2 | 33295 ||| FLEEEEING.
 33296 | Vaults:2 | 33296 ||| FLEEEEING.
 33297 | Vaults:2 | 33297 ||| FLEEEEING.
 33298 | Vaults:2 | 33298 ||| FLEEEEING.
 33299 | Vaults:2 | 33299 ||| FLEEEEING.
 33300 | Vaults:2 | 33300 ||| FLEEEEING.
 33301 | Vaults:2 | 33301 ||| FLEEEEING.
 33302 | Vaults:2 | 33302 ||| FLEEEEING.
 33303 | Vaults:2 | 33303 ||| FLEEEEING.
 33304 | Vaults:2 | 33304 ||| FLEEEEING.
 33305 | Vaults:2 | 33305 ||| FLEEEEING.
 33306 | Vaults:2 | 33306 ||| FLEEEEING.
 33307 | Vaults:2 | 33307 ||| FLEEEEING.
 33308 | Vaults:2 | 33308 ||| FLEEEEING.
 33309 | Vaults:2 | 33309 ||| FLEEEEING.
 33360 | Vaults:2 | 33360 ||| UPGRADING to +10 tower shield of Ignorance {rN+
                  | Int-4}.
 33370 | Vaults:2 | 33370 ||| DROPPING +0 kite shield of reflection.
 33374 | Vaults:2 | 33374 ||| Stepping ~*~*~tactically~*~*~ (hiding).
 33376 | Vaults:2 | 33376 ||| Stepping ~*~*~tactically~*~*~ (hiding).
 33387 | Vaults:2 | 33387 ||| INVOKING Heroism.
 33468 | Vaults:2 | 33468 ||| Stepping ~*~*~tactically~*~*~ (stealth).
 33469 | Vaults:2 | 33469 ||| Stepping ~*~*~tactically~*~*~ (stealth).
 33474 | Vaults:2 | 33474 ||| FLEEEEING.
 33896 | Vaults:2 | 33896 ||| Stepping ~*~*~tactically~*~*~ (stealth).
 33901 | Vaults:2 | 33901 ||| Stepping ~*~*~tactically~*~*~ (hiding).
 33920 | Vaults:2 | 33920 ||| INVOKING Heroism.
 34013 | Vaults:2 | Reached skill level 17 in Shields
 34026 | Vaults:2 | 34026 ||| Stepping ~*~*~tactically~*~*~ (hiding).
 34027 | Vaults:2 | 34027 ||| Stepping ~*~*~tactically~*~*~ (hiding).
 34213 | Vaults:2 | 34213 ||| Stepping ~*~*~tactically~*~*~ (stealth).
 34217 | Vaults:2 | 34217 ||| INVOKING Heroism.
 34425 | Vaults:2 | 34425 ||| Stepping ~*~*~tactically~*~*~ (stealth).
 34624 | Vaults:3 | 34624 ||| PLANNING DESOLATION
 34692 | Vaults:3 | 34692 ||| Stepping ~*~*~tactically~*~*~ (stealth).
 34792 | Vaults:3 | 34792 ||| INVOKING Heroism.
 34809 | Vaults:3 | Received a gift from Okawaru
 34973 | Vaults:3 | 34973 ||| INVOKING Heroism.
 34975 | Vaults:3 | Reached skill level 18 in Shields
 35250 | Vaults:3 | 35250 ||| FLEEEEING.
 35251 | Vaults:3 | 35251 ||| FLEEEEING.
 35252 | Vaults:3 | 35252 ||| FLEEEEING.
 35253 | Vaults:3 | 35253 ||| FLEEEEING.
 35254 | Vaults:3 | 35254 ||| FLEEEEING.
 35255 | Vaults:3 | 35255 ||| FLEEEEING.
 35256 | Vaults:3 | 35256 ||| FLEEEEING.
 35257 | Vaults:3 | 35257 ||| FLEEEEING.
 35258 | Vaults:3 | 35258 ||| FLEEEEING.
 35259 | Vaults:3 | 35259 ||| FLEEEEING.
 35260 | Vaults:3 | 35260 ||| FLEEEEING.
 35261 | Vaults:3 | 35261 ||| FLEEEEING.
 35262 | Vaults:3 | 35262 ||| FLEEEEING.
 35263 | Vaults:3 | 35263 ||| FLEEEEING.
 35389 | Vaults:3 | 35389 ||| RIP DESOLATION
 35420 | Vaults:3 | 35420 ||| PLANNING VAULTS:1-4
 35428 | Vaults:3 | Received a gift from Okawaru
 35429 | Vaults:3 | Reached XP level 20. HP: 136/136 MP: 27/27
 35445 | Vaults:3 | Noticed Mara
 35445 | Vaults:3 | 35445 ||| Stepping ~*~*~tactically~*~*~ (hiding).
 35447 | Vaults:3 | 35447 ||| Stepping ~*~*~tactically~*~*~ (hiding).
 35448 | Vaults:3 | 35448 ||| Stepping ~*~*~tactically~*~*~ (hiding).
 35449 | Vaults:3 | 35449 ||| INVOKING Heroism.
 35450 | Vaults:3 | 35450 ||| INVOKING Finesse.
 35472 | Vaults:3 | Noticed qw's illusion
 35476 | Vaults:3 | Killed Mara
 35501 | Vaults:3 | Found a staircase to the Crypt.
 35517 | Vaults:3 | 35517 ||| Stepping ~*~*~tactically~*~*~ (hiding).
 35698 | Vaults:3 | 35698 ||| Stepping ~*~*~tactically~*~*~ (stealth).
 35714 | Vaults:3 | Reached skill level 19 in Shields
 35717 | Vaults:3 | Received a gift from Okawaru
 36040 | Vaults:3 | 36040 ||| INVOKING Heroism.
 36156 | Vaults:3 | 36156 ||| Stepping ~*~*~tactically~*~*~ (stealth).
 36158 | Vaults:3 | 36158 ||| Stepping ~*~*~tactically~*~*~ (hiding).
 36159 | Vaults:3 | 36159 ||| Stepping ~*~*~tactically~*~*~ (hiding).
 36161 | Vaults:3 | 36161 ||| Stepping ~*~*~tactically~*~*~ (hiding).
 36461 | Vaults:3 | 36461 ||| Stepping ~*~*~tactically~*~*~ (hiding).
 36589 | Vaults:3 | Noticed Mennas
 36590 | Vaults:3 | 36590 ||| INVOKING Heroism.
 36604 | Vaults:3 | 36604 ||| INVOKING Finesse.
 36649 | Vaults:3 | Killed Mennas
 36658 | Vaults:3 | 36658 ||| Stepping ~*~*~tactically~*~*~ (hiding).
 36676 | Vaults:3 | 36676 ||| INVOKING Heroism.
 36912 | Vaults:3 | Found Huba's Armour Shop.
 36920 | Vaults:3 | 36920 ||| BUYING +0 cloak "Ohit" {Str+4} (298 gold).
 36920 | Vaults:3 | Bought the +0 cloak "Ohit" {Str+4} for 298 gold pieces
 36920 | Vaults:3 | 36920 ||| BUYING +3 chain mail of fire resistance (397
                  | gold).
 36920 | Vaults:3 | Bought a +3 chain mail of fire resistance for 397 gold
                  | pieces
 37089 | Vaults:3 | 37089 ||| Stepping ~*~*~tactically~*~*~ (stealth).
 37091 | Vaults:3 | 37091 ||| Stepping ~*~*~tactically~*~*~ (stealth).
 37100 | Vaults:3 | Reached skill level 20 in Shields
 37121 | Vaults:3 | 37121 ||| DROPPING +1 chain mail of fire resistance.
 37122 | Vaults:3 | 37122 ||| DROPPING +1 chain mail of cold resistance.
 37123 | Vaults:3 | 37123 ||| UPGRADING to +0 cloak "Ohit" {Str+4}.
 37133 | Vaults:3 | 37133 ||| DROPPING +1 cloak.
 37134 | Vaults:3 | 37134 ||| READING 24 scrolls of identify.
 37134 | Vaults:3 | 37134 ||| IDENTIFYING amethyst potion
 37223 | Vaults:4 | 37223 ||| PLANNING WIZLAB
 37230 | Vaults:4 | 37230 ||| Stepping ~*~*~tactically~*~*~ (stealth).
 37239 | Vaults:4 | 37239 ||| Stepping ~*~*~tactically~*~*~ (stealth).
 37241 | Vaults:4 | Identified the +1 hand crossbow of the Unliving {drain,
                  | Will++ Int+4 Dex-5} (Okawaru gifted it to you on level 4 of
                  | the Vaults)
 37241 | Vaults:4 | Received a gift from Okawaru
 37473 | Vaults:4 | 37473 ||| Stepping ~*~*~tactically~*~*~ (hiding).
 37730 | Vaults:4 | 37730 ||| Stepping ~*~*~tactically~*~*~ (stealth).
 37748 | Vaults:4 | 37748 ||| INVOKING Heroism.
 37791 | Vaults:4 | 37791 ||| Stepping ~*~*~tactically~*~*~ (hiding).
 37799 | Vaults:4 | 37799 ||| INVOKING Heroism.
 37854 | Vaults:4 | 37854 ||| Stepping ~*~*~tactically~*~*~ (stealth).
 37891 | Vaults:4 | 37891 ||| Stepping ~*~*~tactically~*~*~ (stealth).
 38017 | Vaults:4 | 38017 ||| RIP WIZLAB
 38055 | Vaults:4 | 38055 ||| PLANNING VAULTS:1-4
 38077 | Vaults:4 | 38077 ||| Stepping ~*~*~tactically~*~*~ (stealth).
 38138 | Vaults:4 | 38138 ||| FLEEEEING.
 38139 | Vaults:4 | 38139 ||| FLEEEEING.
 38140 | Vaults:4 | 38140 ||| FLEEEEING.
 38141 | Vaults:4 | 38141 ||| FLEEEEING.
 38142 | Vaults:4 | 38142 ||| FLEEEEING.
 38143 | Vaults:4 | 38143 ||| FLEEEEING.
 38144 | Vaults:4 | 38144 ||| FLEEEEING.
 38145 | Vaults:4 | 38145 ||| FLEEEEING.
 38356 | Vaults:4 | 38356 ||| READING 3 scrolls of enchant weapon.
 38356 | Vaults:4 | 38356 ||| ENCHANTING +3 spectral war axe.
 38357 | Vaults:4 | 38357 ||| READING 2 scrolls of enchant weapon.
 38357 | Vaults:4 | 38357 ||| ENCHANTING +4 spectral war axe.
 38358 | Vaults:4 | 38358 ||| READING scroll of enchant weapon.
 38358 | Vaults:4 | 38358 ||| ENCHANTING +5 spectral war axe.
 38752 | Vaults:4 | 38752 ||| Stepping ~*~*~tactically~*~*~ (stealth).
 38754 | Vaults:4 | Received a gift from Okawaru
 38764 | Vaults:4 | 38764 ||| Stepping ~*~*~tactically~*~*~ (stealth).
 38765 | Vaults:4 | 38765 ||| Stepping ~*~*~tactically~*~*~ (stealth).
 38768 | Vaults:4 | 38768 ||| Stepping ~*~*~tactically~*~*~ (stealth).
 38770 | Vaults:4 | 38770 ||| Stepping ~*~*~tactically~*~*~ (stealth).
 38772 | Vaults:4 | 38772 ||| Stepping ~*~*~tactically~*~*~ (stealth).
 38791 | Vaults:4 | 38791 ||| Stepping ~*~*~tactically~*~*~ (stealth).
 38869 | Vaults:4 | 38869 ||| PLANNING SPIDER:4
 39239 | Spider:4 | Entered Level 4 of the Spider Nest
 39251 | Spider:4 | 39251 ||| Stepping randomly (disturbance).
 39252 | Spider:4 | 39252 ||| Stepping randomly (disturbance).
 39401 | Spider:4 | 39401 ||| FLEEEEING.
 39402 | Spider:4 | 39402 ||| FLEEEEING.
 39403 | Spider:4 | 39403 ||| FLEEEEING.
 39404 | Spider:4 | 39404 ||| FLEEEEING.
 39406 | Spider:4 | 39406 ||| FLEEEEING.
 39407 | Spider:4 | 39407 ||| FLEEEEING.
 39408 | Spider:4 | 39408 ||| FLEEEEING.
 39409 | Spider:4 | 39409 ||| STAIRDANCE
 39413 | Spider:4 | 39413 ||| STAIRDANCE
 39469 | Spider:4 | Received a gift from Okawaru
 39583 | Spider:4 | 39583 ||| Stepping ~*~*~tactically~*~*~ (hiding).
 39645 | Spider:4 | 39645 ||| READING scroll of enchant weapon.
 39645 | Spider:4 | 39645 ||| ENCHANTING +6 spectral war axe.
 39725 | Spider:4 | Noticed Arachne
 39728 | Spider:4 | 39728 ||| INVOKING Finesse.
 39738 | Spider:4 | Received a gift from Okawaru
 39748 | Spider:4 | Killed Arachne
 39836 | Spider:4 | 39836 ||| Stepping ~*~*~tactically~*~*~ (stealth).
 39837 | Spider:4 | 39837 ||| Stepping ~*~*~tactically~*~*~ (stealth).
 39858 | Spider:4 | 39858 ||| Stepping ~*~*~tactically~*~*~ (stealth).
 39882 | Spider:4 | Reached XP level 21. HP: 109/144 MP: 28/28
 39884 | Spider:4 | 39884 ||| INVOKING Heroism.
 39896 | Spider:4 | 39896 ||| Stepping ~*~*~tactically~*~*~ (hiding).
 39905 | Spider:4 | 39905 ||| Stepping ~*~*~tactically~*~*~ (stealth).
 39908 | Spider:4 | 39908 ||| Stepping ~*~*~tactically~*~*~ (stealth).
 40023 | Spider:4 | 40023 ||| Stepping ~*~*~tactically~*~*~ (hiding).
 40026 | Spider:4 | 40026 ||| Stepping ~*~*~tactically~*~*~ (hiding).
 40027 | Spider:4 | 40027 ||| Stepping ~*~*~tactically~*~*~ (hiding).
 40095 | Spider:4 | Reached skill level 6 in Dodging
 40126 | Spider:4 | 40126 ||| Stepping randomly (disturbance).
 40128 | Spider:4 | 40128 ||| Stepping randomly (disturbance).
 40438 | Spider:4 | Got a gossamer rune of Zot
 40491 | Spider:4 | 40491 ||| Stepping ~*~*~tactically~*~*~ (hiding).
 40598 | Spider:4 | 40598 ||| Stepping ~*~*~tactically~*~*~ (hiding).
 40949 | Spider:4 | 40949 ||| PLANNING DEPTHS
 40949 | Spider:4 | 40949 ||| DROPPING scarf of shadows.
 40950 | Spider:4 | 40950 ||| DROPPING scarf of shadows.
 41207 | Depths:1 | Entered Level 1 of the Depths
 41266 | Depths:1 | 41266 ||| INVOKING Finesse.
 41372 | Depths:1 | 41372 ||| Stepping ~*~*~tactically~*~*~ (hiding).
 41373 | Depths:1 | 41373 ||| Stepping ~*~*~tactically~*~*~ (hiding).
 41375 | Depths:1 | 41375 ||| INVOKING Heroism.
 41587 | Depths:1 | 41587 ||| Stepping ~*~*~tactically~*~*~ (hiding).
 41605 | Depths:1 | Identified the +5 great mace of the Six Beasts {freeze,
                  | rF++ Stlth-}
 41724 | Depths:1 | Found a gateway to Hell.
 41815 | Depths:1 | Noticed Asterion
 41816 | Depths:1 | 41816 ||| INVOKING Heroism.
 41817 | Depths:1 | 41817 ||| INVOKING Finesse.
 41833 | Depths:1 | Killed Asterion
 41910 | Depths:1 | 41910 ||| SWAPPING to +2 spectral broad axe.
 41911 | Depths:1 | 41911 ||| DROPPING +7 spectral war axe.
 41912 | Depths:1 | 41912 ||| DROPPING +0 broad axe.
 42074 | Depths:1 | Found Ostrukli's Armour Emporium.
 42079 | Depths:1 | 42079 ||| SHOPLISTING +7 plate armour of Activism {Rampage
                  | Str-2 Int+6} (1101 gold, have 883).
 42082 | Depths:1 | 42082 ||| Stepping ~*~*~tactically~*~*~ (hiding).
 42083 | Depths:1 | 42083 ||| Stepping ~*~*~tactically~*~*~ (hiding).
 42226 | Depths:1 | 42226 ||| Stepping ~*~*~tactically~*~*~ (stealth).
 42228 | Depths:1 | 42228 ||| Stepping ~*~*~tactically~*~*~ (stealth).
 42229 | Depths:1 | 42229 ||| Stepping ~*~*~tactically~*~*~ (stealth).
 42230 | Depths:1 | 42230 ||| Stepping ~*~*~tactically~*~*~ (stealth).
 42286 | Depths:1 | 42286 ||| Stepping ~*~*~tactically~*~*~ (hiding).
 42300 | Depths:1 | 42300 ||| INVOKING Heroism.
 42307 | Depths:1 | 42307 ||| FLEEEEING.
 42310 | Depths:1 | 42310 ||| FLEEEEING.
 42311 | Depths:1 | 42311 ||| STAIRDANCE
 42569 | Depths:2 | 42569 ||| INVOKING Heroism.
 42729 | Depths:2 | 42729 ||| Stepping ~*~*~tactically~*~*~ (hiding).
 42915 | Depths:2 | Found a one-way gateway to a ziggurat.
 42986 | Depths:2 | 42986 ||| INVOKING Heroism.
 43024 | Depths:2 | Identified the +1 pair of gloves of the Known World {Will+
                  | Regen+ Str+2 Int+2}
 43140 | Depths:2 | 43140 ||| UPGRADING to +1 pair of gloves of the Known World
                  | {Will+ Regen+ Str+2 Int+2}.
 43150 | Depths:2 | 43150 ||| DROPPING +2 pair of gloves.
 43167 | Depths:1 | 43167 ||| Stepping ~*~*~tactically~*~*~ (hiding).
 43169 | Depths:1 | 43169 ||| INVOKING Heroism.
 43307 | Depths:2 | 43307 ||| INVOKING Heroism.
 43315 | Depths:2 | Noticed a golden dragon
 43331 | Depths:2 | Killed a golden dragon
 43331 | Depths:2 | Received a gift from Okawaru
 43362 | Depths:2 | Identified the ring "Omerage" {Contam Fly rF+ Will++ MP+9}
 43394 | Depths:2 | Found a runed translucent gate.
 43395 | Depths:2 | Found a runed translucent gate.
 43395 | Depths:2 | Found a runed translucent gate.
 43396 | Depths:2 | Noticed qw's ghost (adept GrHu)
 43396 | Depths:2 | Noticed Miaxas's ghost (veteran GrFi)
 43397 | Depths:2 | Noticed Xutext's ghost (adept DsAK)
 43397 | Depths:2 | Noticed Dameikh's ghost (veteran FoFi)
 43444 | Depths:2 | 43444 ||| READING scroll of enchant weapon.
 43444 | Depths:2 | 43444 ||| ENCHANTING +2 spectral broad axe.
 43599 | Depths:2 | 43599 ||| INVOKING Heroism.
 43705 | Depths:2 | Found a runed translucent gate.
 43705 | Depths:2 | Found a runed translucent gate.
 43705 | Depths:2 | Found a runed translucent gate.
 43729 | Depths:2 | Identified a scroll of acquirement
 43732 | Depths:2 | 43732 ||| Stepping ~*~*~tactically~*~*~ (hiding).
 43815 | Depths:2 | 43815 ||| INVOKING Heroism.
 43819 | Depths:2 | 43819 ||| Stepping ~*~*~tactically~*~*~ (hiding).
 43894 | Depths:2 | Found Ushrenlub's Book Emporium.
 43894 | Depths:2 | Found Tunaoshra's Jewellery Boutique.
 43895 | Depths:2 | Found Ycesiocu's Jewellery Boutique.
 43905 | Depths:2 | 43905 ||| SHOPLISTING Hermit's Pendant {Faith Invo=14 Evo=0
                  | MP+5} (977 gold, have 924).
 43905 | Depths:2 | 43905 ||| BUYING amulet of faith (680 gold).
 43905 | Depths:2 | Bought an amulet of faith for 680 gold pieces
 43905 | Depths:2 | 43905 ||| SHOPLISTING ring of protection from cold (425
                  | gold, have 244).
 43968 | Depths:2 | 43968 ||| Stepping ~*~*~tactically~*~*~ (hiding).
 44130 | Depths:2 | 44130 ||| DROPPING +0 fire dragon scales.
 44131 | Depths:2 | 44131 ||| UPGRADING to +0 gold dragon scales.
 44141 | Depths:2 | 44141 ||| DROPPING +3 chain mail of cold resistance.
 44142 | Depths:2 | 44142 ||| DROPPING +3 chain mail of fire resistance.
 44143 | Depths:2 | 44143 ||| UPGRADING to amulet of faith.
 44153 | Depths:2 | 44153 ||| DROPPING ring of fire.
 44154 | Depths:2 | 44154 ||| UPGRADING to ring "Omerage" {Contam Fly rF+
                  | Will++ MP+9}.
 44281 | Depths:3 | 44281 ||| INVOKING Heroism.
 44286 | Depths:3 | Received a gift from Okawaru
 44368 | Depths:3 | Found a one-way gate to the infinite horrors of the Abyss.
 44459 | Depths:3 | Reached skill level 18 in Axes
 44591 | Depths:3 | Noticed Grunn
 44592 | Depths:3 | 44592 ||| INVOKING Heroism.
 44593 | Depths:3 | 44593 ||| INVOKING Finesse.
 44599 | Depths:3 | Reached XP level 22. HP: 150/150 MP: 29/29
 44648 | Depths:3 | HP: 32/150 [something (15)]
 44652 | Depths:3 | HP: 6/150 [something (20)]
 44653 | Depths:3 | Slain by Grunn

Levels and vault maps discovered:
D:1:      nicolae_arrival_somewhat_less_tricky_arrival, layout_basic,
          hangedman_decor_points
D:2:      layout_loops_ring, uniq_robin, uniq_terence
D:3:      layout_loops_cross, portal_sewer_entry_a
D:4:      layout_rooms, uniq_grinder, uniq_menkaure
D:5:      layout_basic, mainiacjoe_overflow_alcove_3, hangedman_decor_opposing,
          uniq_prince_ribbit1, uniq_pikel
D:6:      layout_loops_ring, tgw_xom, minmay_temple_entry_wispy
D:7:      layout_cave_pools, kennysheep_little_box, biasface_ghost_orc_armoury,
          enter_bailey_3
D:8:      layout_loops_cross, general_overflow_altar,
          nemelex_spade_bored_becter, lemuel_mausoleum_altar_yredelemnul,
          mainiacjoe_overflow_alcove_1, kennysheep_orc_sif_temple,
          minmay_misc_feat_five
D:9:      layout_roguey, mainiacjoe_overflow_concentric_impassable, special_room
          [special_room_orc], corexii_leaking_fountain
D:10:     layout_loops_ring, nzn_wu_jian_contemplation, david_lair_generic,
          david_orc_1_choice, kennysheep_cluttered_room, uniq_nergalle,
          uniq_gastronok
D:11:     layout_cave_pools
D:12:     layout_cave_pods, minmay_misc_feat_chi, nicolae_nh_oracle_at_delphi
D:13:     layout_basic, lightli_vaults_fourway_checkpoint, mikee_hates_you,
          uniq_erolcha
D:14:     layout_basic, nicolae_qazlal_style_of_elements, uniq_frances,
          uniq_roxanne
D:15:     hangedman_depths_entry_try_elsewhere_first, layout_rooms, hex_tiny,
          dreamdust_princess_corridor, grunt_decor_mini_mirrors,
          chequers_serial_rivers_micro_e
Temple:   nicolae_temple_ecumenical_triangle
Lair:1:   layout_cave_pods, chequers_serial_rivers_micro_e, grunt_megastairs_5
Lair:2:   layout_gridlike, minmay_shoals_entry_centaurs,
          nicolae_spider_entry_non_spiders, ebering_ghost_funeral_grove,
          nzn_masters_of_martial_movement, uniq_sonja, uniq_erica
Lair:3:   layout_big_grid
Lair:4:   layout_hall_layers, uniq_nessos
Lair:5:   grunt_lair_end_beastmaster, layout_misc_corridors,
          nicolae_slime_entry_slimehenge, infiniplex_staircase_pool
Shoals:1: cheibrodos_shoals_three_sisters, layout_shoals, uniq_mlioglotl
Shoals:2: layout_shoals, ebering_ghost_xom, hangedman_shoal_volcano
Shoals:3: layout_shoals, uniq_ilsuiw
Shoals:4: shoals_end_grunt_ice, layout_shoals
Spider:1: layout_spider_delve, drop_trap, nicolae_spider_moth_buddies,
          uniq_nikola, uniq_donald, uniq_aizul
Spider:2: layout_spider_delve, nicolae_spider_cling_halls
Spider:3: layout_spider_delve, uniq_bai_suzhen
Spider:4: guppyfry_spider_rune, nicolae_spider_paper_wasps, uniq_arachne
Orc:1:    layout_caves, serial_shops, shop
Orc:2:    pf_orc_diabolical, layout_caves, serial_shops, shop, shop,
          nicolae_shop_rolled_up, nicolae_shop_tiny_statue_garden, shop
Vaults:1: hangedman_vaults_slither, hangedman_vaults_stagger,
          hangedman_vaults_slice, hangedman_vaults_impose,
          nicolae_vaults_gold_heap, v_misc_17, nicolae_vaults_circle_grid_a,
          v_rooms_5, v_misc_31, vaults_room_semicircle, v_misc_17,
          nicolae_vaults_prndl, nicolae_vaults_specimen_jars,
          layout_vaults_omnicross, serial_shops, freezing_bzr
Vaults:2: hangedman_vaults_maws, v_alt_pattern_6,
          vaults_mumra_minichess_inversion, nicolae_vaults_arrows,
          nicolae_vaults_border_crossing, nicolae_vaults_house_1,
          grunt_vaults_bifocal, nicolae_vaults_storage_room_glass,
          nicolae_vaults_tetromino_Z_1, nicolae_vaults_little_squares_5,
          nicolae_vaults_tetromino_Z_1, grunt_vaults_funnel,
          layout_vaults_omnigrid
Vaults:3: portal_desolation_entry_salt, v_misc_26, vaults_room_pools,
          nicolae_vaults_network_star, vaults_dpeg_spiral,
          minmay_crypt_entry_vampire_xt, v_alt_pattern_1,
          hangedman_vaults_corner_blocks, nicolae_vaults_two_Ls,
          nicolae_vaults_house_3, vaults_standard_mumra_enter_the_diamond,
          nicolae_vaults_little_ls, nicolae_vaults_cochlea,
          nicolae_vaults_stepped_doors, nicolae_vaults_wine_cellar,
          nicolae_vaults_what_the_h, nicolae_vaults_theta,
          hangedman_vaults_corner_blocks, layout_vaults_maze, serial_shops,
          nicolae_lakefront_shop, uniq_mennas, uniq_mara
Vaults:4: mu_enter_wizlab_1, hangedman_vaults_capsules, v_pattern_2,
          nicolae_vaults_circle_grid_a, nicolae_vaults_mini_display_case,
          vaults_room_fours, nicolae_vaults_trapezoid_lopsided_4, v_misc_28,
          grunt_vaults_hallway_long, nicolae_vaults_surprise_closet,
          nicolae_vaults_angled_halls, nicolae_vaults_trapezoid_2, st_squares,
          nicolae_vaults_diamond_1, layout_vaults_ring
Depths:1: layout_honeycomb, serial_shops, shop, hangedman_coc_ice_floe,
          kennysheep_boxes, uniq_asterion
Depths:2: minmay_chopped_fan, layout_honeycomb, enter_ziggurat_f, hell_entry,
          rand_demon_pan_entry_4, gammafunk_ghost_cemetery, eino_curves_04,
          pandoras_box_mu, minmay_shop_grove, infiniplex_staircase_split_hallway
Depths:3: minmay_skeleton_keep, layout_gridlike, abyss_entry_small_statue_room,
          hell_entry, minmay_shoptagon, kennysheep_random_hallway,
          infiniplex_staircase_zigzag_3, uniq_grunn

Skill      XL: |  1  2  3  4  5  6  7  8  9 10 11 12 13 14 15 16 17 18 19 20 21 |
---------------+----------------------------------------------------------------+-----
Axes           | 2 3 4 5 7 9 10 11 12 13 14 16 18 | 18.0
Throwing       | 1 3 4 5 6 8 9 |  9.5
Fighting       | 5 6 8 9 10 11 12 14 16 17 18 19 | 19.6
Dodging        | 1 2 3 4 5 6 |  6.0
Shields        | 4 5 6 7 9 10 13 16 18 20 | 20.4
Armour         | 5 7 8 9 10 11 13 15 16 17 18 19 | 19.3
Invocations    | 1 4 8 10 | 10.0

Action                     |  1- 3 |  4- 6 |  7- 9 | 10-12 | 13-15 | 16-18 | 19-21 | 22-24 || total
---------------------------+-------+-------+-------+-------+-------+-------+-------+-------++-------
  Melee: War axe           |    56 |   167 |   166 |   421 |   839 |  1065 |  1047 |       ||  3761
         Morningstar       |       |       |       |       |    52 |    25 |       |       ||    77
         Broad axe         |       |       |       |       |       |       |   260 |     3 ||   263
  Throw: Javelin           |    32 |    21 |     8 |    20 |    72 |    40 |   198 |       ||   391
         Boomerang         |     2 |    15 |    69 |   108 |   100 |   155 |    20 |       ||   469
 Invoke: Heroism           |       |       |     2 |    22 |    35 |    38 |    27 |       ||   124
         Finesse           |       |       |       |       |    12 |     8 |     8 |       ||    28
    Use: Scroll            |     2 |     4 |     6 |    10 |    14 |     6 |     9 |       ||    51
         Potion            |       |     1 |     1 |     1 |     5 |     5 |       |       ||    13
   Stab: Distracted        |       |       |       |     8 |     9 |    20 |    24 |       ||    61
 Armour: Scale mail        |    14 |       |       |       |       |       |       |       ||    14
         Chain mail        |    15 |   100 |    55 |       |       |       |       |       ||   170
         Plate armour      |       |       |     2 |   202 |   417 |   501 |   258 |       ||  1380
         Gold dragon scale |       |       |       |       |       |       |    11 |     5 ||    16
  Dodge: Dodged            |    18 |    66 |    41 |    88 |   221 |   297 |   154 |     1 ||   886
  Block: Buckler           |    11 |    28 |    19 |    75 |   203 |   150 |       |       ||   486
         Reflection        |       |       |       |       |     8 |    29 |    44 |       ||    81
         Kite shield       |       |       |       |       |       |   410 |    84 |       ||   494
         Tower shield      |       |       |       |       |       |       |   989 |     6 ||   995

Table legend:
 A = Non-vault XP
 B = Vault XP
 C = Vault XP percentage of total XP
 D = Non-vault monster count
 E = Vault monster count
 F = Vault count percentage of total count
                 A         B        C        D         E       F
            +---------+---------+-------+---------+---------+-------
      Total |  349243 |  247636 |  41.5 |     916 |     471 |  34.0
            +---------+---------+-------+---------+---------+-------
        D:1 |      30 |       0 |   0.0 |      18 |       0 |   0.0
        D:2 |      40 |      60 |  60.0 |      15 |       9 |  37.5
        D:3 |      86 |      33 |  27.7 |      20 |       5 |  20.0
        D:4 |      65 |     455 |  87.5 |       9 |       2 |  18.2
        D:5 |     799 |     890 |  52.7 |      22 |       2 |   8.3
        D:6 |     995 |     168 |  14.4 |      12 |       6 |  33.3
        D:7 |     769 |       8 |   1.0 |      21 |       4 |  16.0
        D:8 |    1009 |    1626 |  61.7 |      12 |      17 |  58.6
        D:9 |    1799 |     632 |  26.0 |      15 |      26 |  63.4
       D:10 |    3777 |    4244 |  52.9 |      20 |      15 |  42.9
       D:11 |    6012 |       0 |   0.0 |      11 |       0 |   0.0
       D:12 |    5121 |     218 |   4.1 |      15 |       2 |  11.8
       D:13 |    4292 |    7184 |  62.6 |      12 |      13 |  52.0
       D:14 |    9907 |    2752 |  21.7 |      19 |       2 |   9.5
       D:15 |    5766 |    1411 |  19.7 |      16 |       4 |  20.0
     Lair:1 |    7705 |     727 |   8.6 |      38 |       2 |   5.0
     Lair:2 |    9195 |    3051 |  24.9 |      38 |      14 |  26.9
     Lair:3 |    5515 |       0 |   0.0 |      21 |       0 |   0.0
     Lair:4 |   10889 |    1051 |   8.8 |      21 |       1 |   4.5
     Lair:5 |   14962 |    8851 |  37.2 |      40 |      22 |  35.5
   Shoals:1 |    2506 |   10782 |  81.1 |       5 |      13 |  72.2
   Shoals:2 |   16417 |    3524 |  17.7 |      33 |       9 |  21.4
   Shoals:3 |    6584 |    2598 |  28.3 |      12 |       4 |  25.0
   Shoals:4 |   16567 |   17789 |  51.8 |      34 |      29 |  46.0
   Spider:1 |    8857 |    9928 |  52.9 |      36 |      13 |  26.5
   Spider:2 |   15717 |       0 |   0.0 |      54 |       0 |   0.0
   Spider:3 |    7187 |    2987 |  29.4 |      19 |       1 |   5.0
   Spider:4 |    8359 |   29919 |  78.2 |      22 |      43 |  66.2
      Orc:1 |    3856 |       0 |   0.0 |      34 |       0 |   0.0
      Orc:2 |    1442 |   17397 |  92.3 |      32 |      66 |  67.3
   Vaults:1 |   39904 |   21286 |  34.8 |      58 |      26 |  31.0
   Vaults:2 |   26548 |   24568 |  48.1 |      46 |      34 |  42.5
   Vaults:3 |   27134 |   31196 |  53.5 |      36 |      36 |  50.0
   Vaults:4 |   19923 |   20202 |  50.3 |      29 |      28 |  49.1
   Depths:1 |   17730 |    2479 |  12.3 |      21 |       2 |   8.7
   Depths:2 |   26029 |   15415 |  37.2 |      34 |      13 |  27.7
   Depths:3 |   15750 |    4067 |  20.5 |      16 |       2 |  11.1
      Sewer |       0 |     138 | 100.0 |       0 |       6 | 100.0
            +---------+---------+-------+---------+---------+-------
